Workbook

Sheet ORCDET REAJUSTADO 2025
L1: Reajuste Variação de Base
A2: Obra | E2: Bancos | G2: B.D.I. | I2: Encargos Sociais | L2: 10/2023 para 03/2025
A3: =ORCAMENTO!A3 -> MANUTEÇÃO PREVENTIVA E CORRETIVA DA CRECHE MUNICIPAL "ODINAMAR OLIVEIRA GOMES" | E3: =ORCAMENTO!C3 -> SINAPI - 03/2025 - Pará SEDOP - 02/2025 - Pará | G3: 28,82% | I3: =ORCAMENTO!E3 -> Desonerado: 0,00% | L3: 7.98 | M3: %
A4: Orçamento Sintético
A5: Item | B5: Código | C5: Banco | D5: Descrição | E5: Und | F5: Quant. | G5: Valor Unit | H5: Valor Unit com BDI | I5: Total | J5: Peso (%) | L5: Valor Unit com BDI | M5: Total
A6: 1 | D6: SERVIÇOS PRELIMINARES | I6: =SUM(I7:I9) -> 46850.25 | J6: =I6 / H127 -> 0.08493736 | K6: =TRUNC(F6*G6,2) -> 0
A7: 1.1 | B7: 00000036 | C7: Próprio | D7: PLACA DE OBRA COM PLOTAGEM GRÁFICA | E7: m² | F7: 3 | G7: =CPU!J7 -> 247.5 | H7: =TRUNC(G7 * (1 + 28.82 / 100), 2) -> 318.82 | I7: =TRUNC(F7 * H7, 2) -> 956.46 | J7: =I7 / H127 -> 0.0017340182 | K7: =TRUNC(F7*G7,2) -> 742.5 | L7: =((100+$L$3)/100)*H7 -> 344.26184 | M7: =TRUNC(L7*F7,2) -> 1032.78
A8: 1.2 | B8: 00000001 | C8: Próprio | D8: ADMINISTRAÇÃO LOCAL | E8: MÊS | F8: 6 | G8: =CPU!J12 -> 3462.72 | H8: =TRUNC(G8 * (1 + 28.82 / 100), 2) -> 4460.67 | I8: =TRUNC(F8 * H8, 2) -> 26764.02 | J8: =I8 / H127 -> 0.048521944 | K8: =TRUNC(F8*G8,2) -> 20776.32 | L8: =((100+$L$3)/100)*H8 -> 4816.6315 | M8: =TRUNC(L8*F8,2) -> 28899.78
A9: 1.3 | B9: 00000144 | C9: Próprio | D9: MOBILIZAÇÃO E DESMOBILIZAÇÃO DE PESSOAL E EQUIPAMENTO | E9: UN | F9: 1 | G9: =CPU!J18 -> 14850 | H9: =TRUNC(G9 * (1 + 28.82 / 100), 2) -> 19129.77 | I9: =TRUNC(F9 * H9, 2) -> 19129.77 | J9: =I9 / H127 -> 0.034681398 | K9: =TRUNC(F9*G9,2) -> 14850 | L9: =((100+$L$3)/100)*H9 -> 20656.326 | M9: =TRUNC(L9*F9,2) -> 20656.32
A10: 2 | D10: COBERTURA | I10: =I11+I16 -> 160102.78 | J10: =I10 / H127 -> 0.29025901 | K10: =TRUNC(F10*G10,2) -> 0
A11: 2.1 | D11: TELHAS CERÂMICAS | I11: =SUM(I12:I15) -> 92054.61 | J11: =I11 / H127 -> 0.1668908 | K11: =TRUNC(F11*G11,2) -> 0
A12: 2.1.1 | B12: 100330 | C12: SINAPI | D12: RETIRADA E RECOLOCAÇÃO DE TELHA CERÂMICA CAPA-CANAL, COM ATÉ DUAS ÁGUAS, INCLUSO IÇAMENTO. AF_07/2019 | E12: m² | F12: 1271.78 | G12: =CPU!J23 -> 16.97 | H12: =TRUNC(G12 * (1 + 28.82 / 100), 2) -> 21.86 | I12: =TRUNC(F12 * H12, 2) -> 27801.11 | J12: =I12 / H127 -> 0.05040214 | K12: =TRUNC(F12*G12,2) -> 21582.1 | L12: =((100+$L$3)/100)*H12 -> 23.604428 | M12: =TRUNC(L12*F12,2) -> 30019.63
A13: 2.1.2 | B13: 100392 | C13: SINAPI | D13: RETIRADA E RECOLOCAÇÃO DE RIPA EM TELHADOS DE ATÉ 2 ÁGUAS COM TELHA CERÂMICA CAPA-CANAL, INCLUSO TRANSPORTE VERTICAL. AF_07/2019 | E13: m² | F13: 1271.78 | G13: =CPU!J32 -> 13.73 | H13: =TRUNC(G13 * (1 + 28.82 / 100), 2) -> 17.68 | I13: =TRUNC(F13 * H13, 2) -> 22485.07 | J13: =I13 / H127 -> 0.040764403 | K13: =TRUNC(F13*G13,2) -> 17461.53 | L13: =((100+$L$3)/100)*H13 -> 19.090864 | M13: =TRUNC(L13*F13,2) -> 24279.37
A14: 2.1.3 | B14: 94226 | C14: SINAPI | D14: SUBCOBERTURA COM MANTA PLÁSTICA REVESTIDA POR PELÍCULA DE ALUMÍNO, INCLUSO TRANSPORTE VERTICAL. AF_07/2019 | E14: m² | F14: 1271.78 | G14: =CPU!J42 -> 21.56 | H14: =TRUNC(G14 * (1 + 28.82 / 100), 2) -> 27.77 | I14: =TRUNC(F14 * H14, 2) -> 35317.33 | J14: =I14 / H127 -> 0.064028703 | K14: =TRUNC(F14*G14,2) -> 27419.57 | L14: =((100+$L$3)/100)*H14 -> 29.986046 | M14: =TRUNC(L14*F14,2) -> 38135.65
A15: 2.1.4 | B15: 94219 | C15: SINAPI | D15: CUMEEIRA E ESPIGÃO PARA TELHA CERÂMICA EMBOÇADA COM ARGAMASSA TRAÇO 1:2:9 (CIMENTO, CAL E AREIA), PARA TELHADOS COM MAIS DE 2 ÁGUAS, INCLUSO TRANSPORTE VERTICAL. AF_07/2019 | E15: M | F15: 155 | G15: =CPU!J52 -> 32.31 | H15: =TRUNC(G15 * (1 + 28.82 / 100), 2) -> 41.62 | I15: =TRUNC(F15 * H15, 2) -> 6451.1 | J15: =I15 / H127 -> 0.011695549 | K15: =TRUNC(F15*G15,2) -> 5008.05 | L15: =((100+$L$3)/100)*H15 -> 44.941276 | M15: =TRUNC(L15*F15,2) -> 6965.89
A16: 2.2 | D16: DIVERSOS | I16: =SUM(I17:I18) -> 68048.17 | J16: =I16 / H127 -> 0.12336822 | K16: =TRUNC(F16*G16,2) -> 0
A17: 2.2.1 | B17: 98547 | C17: SINAPI | D17: IMPERMEABILIZAÇÃO DE SUPERFÍCIE COM MANTA ASFÁLTICA, DUAS CAMADAS, INCLUSIVE APLICAÇÃO DE PRIMER ASFÁLTICO, E=3MM E E=4MM. AF_09/2023 | E17: m² | F17: 211.45 | G17: =CPU!J62 -> 241.44 | H17: =TRUNC(G17 * (1 + 28.82 / 100), 2) -> 311.02 | I17: =TRUNC(F17 * H17, 2) -> 65765.17 | J17: =I17 / H127 -> 0.11922924 | K17: =TRUNC(F17*G17,2) -> 51052.48 | L17: =((100+$L$3)/100)*H17 -> 335.8394 | M17: =TRUNC(L17*F17,2) -> 71013.24
A18: 2.2.2 | B18: 95135 | C18: SINAPI | D18: LOCACAO DE ANDAIME METALICO TUBULAR TIPO TORRE | E18: M/MES | F18: 60 | G18: =CPU!J72 -> 29.54 | H18: =TRUNC(G18 * (1 + 28.82 / 100), 2) -> 38.05 | I18: =TRUNC(F18 * H18, 2) -> 2283 | J18: =I18 / H127 -> 0.0041389745 | K18: =TRUNC(F18*G18,2) -> 1772.4 | L18: =((100+$L$3)/100)*H18 -> 41.08639 | M18: =TRUNC(L18*F18,2) -> 2465.18
A19: 3 | D19: ESQUADRIAS | I19: =I20+I24+I29 -> 23482.9 | J19: =I19 / H127 -> 0.042573423 | K19: =TRUNC(F19*G19,2) -> 0
A20: 3.1 | D20: MADEIRA | I20: =SUM(I21:I23) -> 5243.47 | J20: =I20 / H127 -> 0.0095061712 | K20: =TRUNC(F20*G20,2) -> 0
A21: 3.1.1 | B21: 97644 | C21: SINAPI | D21: REMOÇÃO DE PORTAS, DE FORMA MANUAL, SEM REAPROVEITAMENTO. AF_09/2023 | E21: m² | F21: 6.93 | G21: =CPU!J78 -> 8.63 | H21: =TRUNC(G21 * (1 + 28.82 / 100), 2) -> 11.11 | I21: =TRUNC(F21 * H21, 2) -> 76.99 | J21: =I21 / H127 -> 0.00013957935 | K21: =TRUNC(F21*G21,2) -> 59.8 | L21: =((100+$L$3)/100)*H21 -> 11.996578 | M21: =TRUNC(L21*F21,2) -> 83.13
A22: 3.1.2 | B22: 100689 | C22: SINAPI | D22: KIT DE PORTA DE MADEIRA FRISADA, SEMI-OCA (LEVE OU MÉDIA), PADRÃO MÉDIO, 80X210CM, ESPESSURA DE 3,5CM, ITENS INCLUSOS: DOBRADIÇAS, MONTAGEM E INSTALAÇÃO DE BATENTE, FECHADURA COM EXECUÇÃO DO FURO - FORNECIMENTO E INSTALAÇÃO. AF_12/2019 | E22: UN | F22: 3 | G22: =CPU!J84 -> 992.36 | H22: =TRUNC(G22 * (1 + 28.82 / 100), 2) -> 1278.35 | I22: =TRUNC(F22 * H22, 2) -> 3835.05 | J22: =I22 / H127 -> 0.0069527702 | K22: =TRUNC(F22*G22,2) -> 2977.08 | L22: =((100+$L$3)/100)*H22 -> 1380.3623 | M22: =TRUNC(L22*F22,2) -> 4141.08
A23: 3.1.3 | B23: 100685 | C23: SINAPI | D23: KIT DE PORTA DE MADEIRA PARA VERNIZ, SEMI-OCA (LEVE OU MÉDIA), PADRÃO MÉDIO, 90X210CM, ESPESSURA DE 3,5CM, ITENS INCLUSOS: DOBRADIÇAS, MONTAGEM E INSTALAÇÃO DE BATENTE, FECHADURA COM EXECUÇÃO DO FURO - FORNECIMENTO E INSTALAÇÃO. AF_12/2019 | E23: UN | F23: 1 | G23: =CPU!J92 -> 1033.56 | H23: =TRUNC(G23 * (1 + 28.82 / 100), 2) -> 1331.43 | I23: =TRUNC(F23 * H23, 2) -> 1331.43 | J23: =I23 / H127 -> 0.0024138217 | K23: =TRUNC(F23*G23,2) -> 1033.56 | L23: =((100+$L$3)/100)*H23 -> 1437.6781 | M23: =TRUNC(L23*F23,2) -> 1437.67
A24: 3.2 | D24: METÁLICAS | I24: =SUM(I25:I28) -> 13695.51 | J24: =I24 / H127 -> 0.024829333 | K24: =TRUNC(F24*G24,2) -> 0
A25: 3.2.1 | B25: 97645 | C25: SINAPI | D25: REMOÇÃO DE JANELAS, DE FORMA MANUAL, SEM REAPROVEITAMENTO. AF_09/2023 | E25: m² | F25: 12 | G25: =CPU!J100 -> 22.28 | H25: =TRUNC(G25 * (1 + 28.82 / 100), 2) -> 28.7 | I25: =TRUNC(F25 * H25, 2) -> 344.4 | J25: =I25 / H127 -> 0.00062438144 | K25: =TRUNC(F25*G25,2) -> 267.36 | L25: =((100+$L$3)/100)*H25 -> 30.99026 | M25: =TRUNC(L25*F25,2) -> 371.88
A26: 3.2.2 | B26: 94559 | C26: SINAPI | D26: JANELA DE AÇO TIPO BASCULANTE PARA VIDROS, COM BATENTE, FERRAGENS E PINTURA ANTICORROSIVA. EXCLUSIVE VIDROS, ACABAMENTO, ALIZAR E CONTRAMARCO. FORNECIMENTO E INSTALAÇÃO. AF_12/2019 | E26: m² | F26: 6 | G26: =CPU!J106 -> 463.46 | H26: =TRUNC(G26 * (1 + 28.82 / 100), 2) -> 597.02 | I26: =TRUNC(F26 * H26, 2) -> 3582.12 | J26: =I26 / H127 -> 0.0064942197 | K26: =TRUNC(F26*G26,2) -> 2780.76 | L26: =((100+$L$3)/100)*H26 -> 644.6622 | M26: =TRUNC(L26*F26,2) -> 3867.97
A27: 3.2.3 | B27: 91341 | C27: SINAPI | D27: PORTA EM ALUMÍNIO DE ABRIR TIPO VENEZIANA COM GUARNIÇÃO, FIXAÇÃO COM PARAFUSOS - FORNECIMENTO E INSTALAÇÃO. AF_12/2019 | E27: m² | F27: 6 | G27: =CPU!J114 -> 466.77 | H27: =TRUNC(G27 * (1 + 28.82 / 100), 2) -> 601.29 | I27: =TRUNC(F27 * H27, 2) -> 3607.74 | J27: =I27 / H127 -> 0.0065406676 | K27: =TRUNC(F27*G27,2) -> 2800.62 | L27: =((100+$L$3)/100)*H27 -> 649.27294 | M27: =TRUNC(L27*F27,2) -> 3895.63
A28: 3.2.4 | B28: 090071 | C28: SEDOP | D28: GRADE DE FERRO (incl. pint. anti-corrosiva) | E28: m² | F28: 15 | G28: =CPU!J124 -> 318.86 | H28: =TRUNC(G28 * (1 + 28.82 / 100), 2) -> 410.75 | I28: =TRUNC(F28 * H28, 2) -> 6161.25 | J28: =I28 / H127 -> 0.011170064 | K28: =TRUNC(F28*G28,2) -> 4782.9 | L28: =((100+$L$3)/100)*H28 -> 443.52785 | M28: =TRUNC(L28*F28,2) -> 6652.91
A29: 3.3 | D29: FERRAGENS | I29: =SUM(I30:I31) -> 4543.92 | J29: =I29 / H127 -> 0.0082379191 | K29: =TRUNC(F29*G29,2) -> 0
A30: 3.3.1 | B30: 90830 | C30: SINAPI | D30: FECHADURA DE EMBUTIR COM CILINDRO, EXTERNA, COMPLETA, ACABAMENTO PADRÃO MÉDIO, INCLUSO EXECUÇÃO DE FURO - FORNECIMENTO E INSTALAÇÃO. AF_12/2019 | E30: UN | F30: 12 | G30: =CPU!J132 -> 156.63 | H30: =TRUNC(G30 * (1 + 28.82 / 100), 2) -> 201.77 | I30: =TRUNC(F30 * H30, 2) -> 2421.24 | J30: =I30 / H127 -> 0.0043895973 | K30: =TRUNC(F30*G30,2) -> 1879.56 | L30: =((100+$L$3)/100)*H30 -> 217.87125 | M30: =TRUNC(L30*F30,2) -> 2614.45
A31: 3.3.2 | B31: 91306 | C31: SINAPI | D31: FECHADURA DE EMBUTIR PARA PORTAS INTERNAS, COMPLETA, ACABAMENTO PADRÃO MÉDIO, COM EXECUÇÃO DE FURO - FORNECIMENTO E INSTALAÇÃO. AF_12/2019 | E31: UN | F31: 12 | G31: =CPU!J139 -> 137.32 | H31: =TRUNC(G31 * (1 + 28.82 / 100), 2) -> 176.89 | I31: =TRUNC(F31 * H31, 2) -> 2122.68 | J31: =I31 / H127 -> 0.0038483217 | K31: =TRUNC(F31*G31,2) -> 1647.84 | L31: =((100+$L$3)/100)*H31 -> 191.00582 | M31: =TRUNC(L31*F31,2) -> 2292.06
A32: 4 | D32: INSTALAÇÕES ELÉTRICAS | I32: =I33+I38+I44+I49 -> 47915.86 | J32: =I32 / H127 -> 0.086869262 | K32: =TRUNC(F32*G32,2) -> 0
A33: 4.1 | D33: QUADROS | I33: =SUM(I34:I37) -> 10605.99 | J33: =I33 / H127 -> 0.019228175 | K33: =TRUNC(F33*G33,2) -> 0
A34: 4.1.1 | B34: 101875 | C34: SINAPI | D34: QUADRO DE DISTRIBUIÇÃO DE ENERGIA EM CHAPA DE AÇO GALVANIZADO, DE EMBUTIR, COM BARRAMENTO TRIFÁSICO, PARA 12 DISJUNTORES DIN 100A - FORNECIMENTO E INSTALAÇÃO. AF_10/2020 | E34: UN | F34: 1 | G34: =CPU!J146 -> 372.73 | H34: =TRUNC(G34 * (1 + 28.82 / 100), 2) -> 480.15 | I34: =TRUNC(F34 * H34, 2) -> 480.15 | J34: =I34 / H127 -> 0.00087048998 | K34: =TRUNC(F34*G34,2) -> 372.73 | L34: =((100+$L$3)/100)*H34 -> 518.46597 | M34: =TRUNC(L34*F34,2) -> 518.46
A35: 4.1.2 | B35: 93653 | C35: SINAPI | D35: DISJUNTOR MONOPOLAR TIPO DIN, CORRENTE NOMINAL DE 10A - FORNECIMENTO E INSTALAÇÃO. AF_10/2020 | E35: UN | F35: 12 | G35: =CPU!J154 -> 11.29 | H35: =TRUNC(G35 * (1 + 28.82 / 100), 2) -> 14.54 | I35: =TRUNC(F35 * H35, 2) -> 174.48 | J35: =I35 / H127 -> 0.00031632426 | K35: =TRUNC(F35*G35,2) -> 135.48 | L35: =((100+$L$3)/100)*H35 -> 15.700292 | M35: =TRUNC(L35*F35,2) -> 188.4
A36: 4.1.3 | B36: 00000143 | C36: Próprio | D36: INTERRUPTOR DIFERENCIAL RESIDUAL 4P-40A-300mA - Copia da SEDOP (171418) | E36: UN | F36: 9 | G36: =CPU!J162 -> 163.36 | H36: =TRUNC(G36 * (1 + 28.82 / 100), 2) -> 210.44 | I36: =TRUNC(F36 * H36, 2) -> 1893.96 | J36: =I36 / H127 -> 0.0034336628 | K36: =TRUNC(F36*G36,2) -> 1470.24 | L36: =((100+$L$3)/100)*H36 -> 227.23311 | M36: =TRUNC(L36*F36,2) -> 2045.09
A37: 4.1.4 | B37: 171491 | C37: SEDOP | D37: REVISÃO DE PONTOS DE ILUMINAÇÃO E FORÇA | E37: PT | F37: 60 | G37: =CPU!J169 -> 104.25 | H37: =TRUNC(G37 * (1 + 28.82 / 100), 2) -> 134.29 | I37: =TRUNC(F37 * H37, 2) -> 8057.4 | J37: =I37 / H127 -> 0.014607698 | K37: =TRUNC(F37*G37,2) -> 6255 | L37: =((100+$L$3)/100)*H37 -> 145.00634 | M37: =TRUNC(L37*F37,2) -> 8700.38
A38: 4.2 | D38: ATERRAMENTO | I38: =SUM(I39:I43) -> 11827.69 | J38: =I38 / H127 -> 0.021443061 | K38: =TRUNC(F38*G38,2) -> 0
A39: 4.2.1 | B39: 96985 | C39: SINAPI | D39: HASTE DE ATERRAMENTO, DIÂMETRO 5/8", COM 3 METROS - FORNECIMENTO E INSTALAÇÃO. AF_08/2023 | E39: UN | F39: 1 | G39: =CPU!J181 -> 78.03 | H39: =TRUNC(G39 * (1 + 28.82 / 100), 2) -> 100.51 | I39: =TRUNC(F39 * H39, 2) -> 100.51 | J39: =I39 / H127 -> 0.00018222003 | K39: =TRUNC(F39*G39,2) -> 78.03 | L39: =((100+$L$3)/100)*H39 -> 108.5307 | M39: =TRUNC(L39*F39,2) -> 108.53
A40: 4.2.2 | B40: 95727 | C40: SINAPI | D40: ELETRODUTO RÍGIDO SOLDÁVEL, PVC, DN 25 MM (3/4''), APARENTE - FORNECIMENTO E INSTALAÇÃO. AF_10/2022 | E40: M | F40: 12 | G40: =CPU!J188 -> 17.47 | H40: =TRUNC(G40 * (1 + 28.82 / 100), 2) -> 22.5 | I40: =TRUNC(F40 * H40, 2) -> 270 | J40: =I40 / H127 -> 0.00048949765 | K40: =TRUNC(F40*G40,2) -> 209.64 | L40: =((100+$L$3)/100)*H40 -> 24.2955 | M40: =TRUNC(L40*F40,2) -> 291.54
A41: 4.2.3 | B41: 98111 | C41: SINAPI | D41: CAIXA DE INSPEÇÃO PARA ATERRAMENTO, CIRCULAR, EM POLIETILENO, DIÂMETRO INTERNO = 0,3 M. AF_12/2020 | E41: UN | F41: 1 | G41: =CPU!J196 -> 58.9 | H41: =TRUNC(G41 * (1 + 28.82 / 100), 2) -> 75.87 | I41: =TRUNC(F41 * H41, 2) -> 75.87 | J41: =I41 / H127 -> 0.00013754884 | K41: =TRUNC(F41*G41,2) -> 58.9 | L41: =((100+$L$3)/100)*H41 -> 81.924426 | M41: =TRUNC(L41*F41,2) -> 81.92
A42: 4.2.4 | B42: 96971 | C42: SINAPI | D42: CORDOALHA DE COBRE NU 16 MM², NÃO ENTERRADA, COM ISOLADOR - FORNECIMENTO E INSTALAÇÃO. AF_12/2017 | E42: M | F42: 250 | G42: =CPU!J204 -> 35.27 | H42: =TRUNC(G42 * (1 + 28.82 / 100), 2) -> 45.43 | I42: =TRUNC(F42 * H42, 2) -> 11357.5 | J42: =I42 / H127 -> 0.020590628 | K42: =TRUNC(F42*G42,2) -> 8817.5 | L42: =((100+$L$3)/100)*H42 -> 49.055314 | M42: =TRUNC(L42*F42,2) -> 12263.82
A43: 4.2.5 | B43: 72260 | C43: SINAPI | D43: TERMINAL OU CONECTOR DE PRESSAO - PARA CABO 16MM2 - FORNECIMENTO E INSTALACAO | E43: UN | F43: 1 | G43: =CPU!J212 -> 18.49 | H43: =TRUNC(G43 * (1 + 28.82 / 100), 2) -> 23.81 | I43: =TRUNC(F43 * H43, 2) -> 23.81 | J43: =I43 / H127 -> 4.3166441e-05 | K43: =TRUNC(F43*G43,2) -> 18.49 | L43: =((100+$L$3)/100)*H43 -> 25.710038 | M43: =TRUNC(L43*F43,2) -> 25.71
A44: 4.3 | D44: LUMINÁRIAS | I44: =SUM(I45:I48) -> 14422.35 | J44: =I44 / H127 -> 0.026147061 | K44: =TRUNC(F44*G44,2) -> 0
A45: 4.3.1 | B45: 97665 | C45: SINAPI | D45: REMOÇÃO DE LUMINÁRIAS, DE FORMA MANUAL, SEM REAPROVEITAMENTO. AF_09/2023 | E45: UN | F45: 171 | G45: =CPU!J219 -> 1.62 | H45: =TRUNC(G45 * (1 + 28.82 / 100), 2) -> 2.08 | I45: =TRUNC(F45 * H45, 2) -> 355.68 | J45: =I45 / H127 -> 0.00064483157 | K45: =TRUNC(F45*G45,2) -> 277.02 | L45: =((100+$L$3)/100)*H45 -> 2.245984 | M45: =TRUNC(L45*F45,2) -> 384.06
A46: 4.3.2 | B46: 103782 | C46: SINAPI | D46: LUMINÁRIA TIPO PLAFON CIRCULAR, DE SOBREPOR, COM LED DE 12/13 W - FORNECIMENTO E INSTALAÇÃO. AF_03/2022 | E46: UN | F46: 135 | G46: =CPU!J225 -> 34.57 | H46: =TRUNC(G46 * (1 + 28.82 / 100), 2) -> 44.53 | I46: =TRUNC(F46 * H46, 2) -> 6011.55 | J46: =I46 / H127 -> 0.010898665 | K46: =TRUNC(F46*G46,2) -> 4666.95 | L46: =((100+$L$3)/100)*H46 -> 48.083494 | M46: =TRUNC(L46*F46,2) -> 6491.27
A47: 4.3.3 | B47: 97607 | C47: SINAPI | D47: LUMINÁRIA ARANDELA TIPO TARTARUGA, DE SOBREPOR, COM 1 LÂMPADA LED DE 6 W, SEM REATOR - FORNECIMENTO E INSTALAÇÃO. AF_02/2020 | E47: UN | F47: 30 | G47: =CPU!J232 -> 121.86 | H47: =TRUNC(G47 * (1 + 28.82 / 100), 2) -> 156.98 | I47: =TRUNC(F47 * H47, 2) -> 4709.4 | J47: =I47 / H127 -> 0.0085379267 | K47: =TRUNC(F47*G47,2) -> 3655.8 | L47: =((100+$L$3)/100)*H47 -> 169.507 | M47: =TRUNC(L47*F47,2) -> 5085.21
A48: 4.3.4 | B48: 97600 | C48: SINAPI | D48: REFLETOR EM ALUMÍNIO, DE SUPORTE E ALÇA, COM 1 LÂMPADA VAPOR DE MERCÚRIO DE 125 W, COM REATOR ALTO FATOR DE POTÊNCIA - FORNECIMENTO E INSTALAÇÃO. AF_02/2020 | E48: UN | F48: 6 | G48: =CPU!J240 -> 432.87 | H48: =TRUNC(G48 * (1 + 28.82 / 100), 2) -> 557.62 | I48: =TRUNC(F48 * H48, 2) -> 3345.72 | J48: =I48 / H127 -> 0.0060656373 | K48: =TRUNC(F48*G48,2) -> 2597.22 | L48: =((100+$L$3)/100)*H48 -> 602.11808 | M48: =TRUNC(L48*F48,2) -> 3612.7
A49: 4.4 | D49: TOMADAS E INTERRUPTORES | I49: =SUM(I50:I54) -> 11059.83 | J49: =I49 / H127 -> 0.020050966 | K49: =TRUNC(F49*G49,2) -> 0
A50: 4.4.1 | B50: 97660 | C50: SINAPI | D50: REMOÇÃO DE INTERRUPTORES/TOMADAS ELÉTRICAS, DE FORMA MANUAL, SEM REAPROVEITAMENTO. AF_09/2023 | E50: UN | F50: 205 | G50: =CPU!J249 -> 0.59 | H50: =TRUNC(G50 * (1 + 28.82 / 100), 2) -> 0.76 | I50: =TRUNC(F50 * H50, 2) -> 155.8 | J50: =I50 / H127 -> 0.00028245827 | K50: =TRUNC(F50*G50,2) -> 120.95 | L50: =((100+$L$3)/100)*H50 -> 0.820648 | M50: =TRUNC(L50*F50,2) -> 168.23
A51: 4.4.2 | B51: 91955 | C51: SINAPI | D51: INTERRUPTOR PARALELO (1 MÓDULO), 10A/250V, INCLUINDO SUPORTE E PLACA - FORNECIMENTO E INSTALAÇÃO. AF_03/2023 | E51: UN | F51: 52 | G51: =CPU!J255 -> 33.25 | H51: =TRUNC(G51 * (1 + 28.82 / 100), 2) -> 42.83 | I51: =TRUNC(F51 * H51, 2) -> 2227.16 | J51: =I51 / H127 -> 0.0040377392 | K51: =TRUNC(F51*G51,2) -> 1729 | L51: =((100+$L$3)/100)*H51 -> 46.247834 | M51: =TRUNC(L51*F51,2) -> 2404.88
A52: 4.4.3 | B52: 91961 | C52: SINAPI | D52: INTERRUPTOR PARALELO (2 MÓDULOS), 10A/250V, INCLUINDO SUPORTE E PLACA - FORNECIMENTO E INSTALAÇÃO. AF_03/2023 | E52: UN | F52: 20 | G52: =CPU!J261 -> 53.62 | H52: =TRUNC(G52 * (1 + 28.82 / 100), 2) -> 69.07 | I52: =TRUNC(F52 * H52, 2) -> 1381.4 | J52: =I52 / H127 -> 0.002504415 | K52: =TRUNC(F52*G52,2) -> 1072.4 | L52: =((100+$L$3)/100)*H52 -> 74.581786 | M52: =TRUNC(L52*F52,2) -> 1491.63
A53: 4.4.4 | B53: 91969 | C53: SINAPI | D53: INTERRUPTOR PARALELO (3 MÓDULOS), 10A/250V, INCLUINDO SUPORTE E PLACA - FORNECIMENTO E INSTALAÇÃO. AF_03/2023 | E53: UN | F53: 7 | G53: =CPU!J267 -> 73.93 | H53: =TRUNC(G53 * (1 + 28.82 / 100), 2) -> 95.23 | I53: =TRUNC(F53 * H53, 2) -> 666.61 | J53: =I53 / H127 -> 0.0012085334 | K53: =TRUNC(F53*G53,2) -> 517.51 | L53: =((100+$L$3)/100)*H53 -> 102.82935 | M53: =TRUNC(L53*F53,2) -> 719.8
A54: 4.4.5 | B54: 91992 | C54: SINAPI | D54: TOMADA ALTA DE EMBUTIR (1 MÓDULO), 2P+T 10 A, INCLUINDO SUPORTE E PLACA - FORNECIMENTO E INSTALAÇÃO. AF_03/2023 | E54: UN | F54: 126 | G54: =CPU!J273 -> 40.84 | H54: =TRUNC(G54 * (1 + 28.82 / 100), 2) -> 52.61 | I54: =TRUNC(F54 * H54, 2) -> 6628.86 | J54: =I54 / H127 -> 0.01201782 | K54: =TRUNC(F54*G54,2) -> 5145.84 | L54: =((100+$L$3)/100)*H54 -> 56.808278 | M54: =TRUNC(L54*F54,2) -> 7157.84
A55: 5 | D55: INSTALAÇÕES HIDRÁULICAS | I55: =I56+I59+I70 -> 42823.63 | J55: =I55 / H127 -> 0.077637282 | K55: =TRUNC(F55*G55,2) -> 0
A56: 5.1 | D56: MANUTENÇÃO DE INSTAÇÕES | I56: =SUM(I57:I58) -> 21064.5 | J56: =I56 / H127 -> 0.038188975 | K56: =TRUNC(F56*G56,2) -> 0
A57: 5.1.1 | B57: 180844 | C57: SEDOP | D57: REVISÃO DE PONTO DE ÁGUA | E57: PT | F57: 50 | G57: =CPU!J279 -> 115.68 | H57: =TRUNC(G57 * (1 + 28.82 / 100), 2) -> 149.01 | I57: =TRUNC(F57 * H57, 2) -> 7450.5 | J57: =I57 / H127 -> 0.013507416 | K57: =TRUNC(F57*G57,2) -> 5784 | L57: =((100+$L$3)/100)*H57 -> 160.901 | M57: =TRUNC(L57*F57,2) -> 8045.04
A58: 5.1.2 | B58: 180845 | C58: SEDOP | D58: REVISÃO DE PONTO DE ESGOTO | E58: PT | F58: 60 | G58: =CPU!J284 -> 176.14 | H58: =TRUNC(G58 * (1 + 28.82 / 100), 2) -> 226.9 | I58: =TRUNC(F58 * H58, 2) -> 13614 | J58: =I58 / H127 -> 0.024681559 | K58: =TRUNC(F58*G58,2) -> 10568.4 | L58: =((100+$L$3)/100)*H58 -> 245.00662 | M58: =TRUNC(L58*F58,2) -> 14700.39
A59: 5.2 | D59: APARELHOS SANITÁRIOS | I59: =SUM(I60:I69) -> 14771.63 | J59: =I59 / H127 -> 0.026780289 | K59: =TRUNC(F59*G59,2) -> 0
A60: 5.2.1 | B60: 97666 | C60: SINAPI | D60: REMOÇÃO DE METAIS SANITÁRIOS, DE FORMA MANUAL, SEM REAPROVEITAMENTO. AF_09/2023 | E60: UN | F60: 51 | G60: =CPU!J289 -> 8.3 | H60: =TRUNC(G60 * (1 + 28.82 / 100), 2) -> 10.69 | I60: =TRUNC(F60 * H60, 2) -> 545.19 | J60: =I60 / H127 -> 0.00098840453 | K60: =TRUNC(F60*G60,2) -> 423.3 | L60: =((100+$L$3)/100)*H60 -> 11.543062 | M60: =TRUNC(L60*F60,2) -> 588.69
A61: 5.2.2 | B61: 86888 | C61: SINAPI | D61: VASO SANITÁRIO SIFONADO COM CAIXA ACOPLADA LOUÇA BRANCA - FORNECIMENTO E INSTALAÇÃO. AF_01/2020 | E61: UN | F61: 1 | G61: =CPU!J295 -> 476.91 | H61: =TRUNC(G61 * (1 + 28.82 / 100), 2) -> 614.35 | I61: =TRUNC(F61 * H61, 2) -> 614.35 | J61: =I61 / H127 -> 0.0011137884 | K61: =TRUNC(F61*G61,2) -> 476.91 | L61: =((100+$L$3)/100)*H61 -> 663.37513 | M61: =TRUNC(L61*F61,2) -> 663.37
A62: 5.2.3 | B62: 86941 | C62: SINAPI | D62: LAVATÓRIO LOUÇA BRANCA COM COLUNA, 45 X 55CM OU EQUIVALENTE, PADRÃO MÉDIO, INCLUSO SIFÃO TIPO GARRAFA, VÁLVULA E ENGATE FLEXÍVEL DE 40CM EM METAL CROMADO, COM TORNEIRA CROMADA DE MESA, PADRÃO MÉDIO - FORNECIMENTO E INSTALAÇÃO. AF_01/2020 | E62: UN | F62: 1 | G62: =CPU!J305 -> 727.29 | H62: =TRUNC(G62 * (1 + 28.82 / 100), 2) -> 936.89 | I62: =TRUNC(F62 * H62, 2) -> 936.89 | J62: =I62 / H127 -> 0.0016985387 | K62: =TRUNC(F62*G62,2) -> 727.29 | L62: =((100+$L$3)/100)*H62 -> 1011.6538 | M62: =TRUNC(L62*F62,2) -> 1011.65
A63: 5.2.4 | B63: 86915 | C63: SINAPI | D63: TORNEIRA CROMADA DE MESA, 1/2 OU 3/4, PARA LAVATÓRIO, PADRÃO MÉDIO - FORNECIMENTO E INSTALAÇÃO. AF_01/2020 | E63: UN | F63: 14 | G63: =CPU!J314 -> 107.4 | H63: =TRUNC(G63 * (1 + 28.82 / 100), 2) -> 138.35 | I63: =TRUNC(F63 * H63, 2) -> 1936.9 | J63: =I63 / H127 -> 0.0035115111 | K63: =TRUNC(F63*G63,2) -> 1503.6 | L63: =((100+$L$3)/100)*H63 -> 149.39033 | M63: =TRUNC(L63*F63,2) -> 2091.46
A64: 5.2.5 | B64: 86910 | C64: SINAPI | D64: TORNEIRA CROMADA TUBO MÓVEL, DE PAREDE, 1/2 OU 3/4, PARA PIA DE COZINHA, PADRÃO MÉDIO - FORNECIMENTO E INSTALAÇÃO. AF_01/2020 | E64: UN | F64: 31 | G64: =CPU!J322 -> 96.1 | H64: =TRUNC(G64 * (1 + 28.82 / 100), 2) -> 123.79 | I64: =TRUNC(F64 * H64, 2) -> 3837.49 | J64: =I64 / H127 -> 0.0069571938 | K64: =TRUNC(F64*G64,2) -> 2979.1 | L64: =((100+$L$3)/100)*H64 -> 133.66844 | M64: =TRUNC(L64*F64,2) -> 4143.72
A65: 5.2.6 | B65: 86914 | C65: SINAPI | D65: TORNEIRA CROMADA 1/2 OU 3/4 PARA TANQUE, PADRÃO MÉDIO - FORNECIMENTO E INSTALAÇÃO. AF_01/2020 | E65: UN | F65: 6 | G65: =CPU!J330 -> 74.21 | H65: =TRUNC(G65 * (1 + 28.82 / 100), 2) -> 95.59 | I65: =TRUNC(F65 * H65, 2) -> 573.54 | J65: =I65 / H127 -> 0.0010398018 | K65: =TRUNC(F65*G65,2) -> 445.26 | L65: =((100+$L$3)/100)*H65 -> 103.21808 | M65: =TRUNC(L65*F65,2) -> 619.3
A66: 5.2.7 | B66: 100869 | C66: SINAPI | D66: BARRA DE APOIO RETA, EM ACO INOX POLIDO, COMPRIMENTO 90 CM, FIXADA NA PAREDE - FORNECIMENTO E INSTALAÇÃO. AF_01/2020 | E66: UN | F66: 2 | G66: =CPU!J338 -> 373.05 | H66: =TRUNC(G66 * (1 + 28.82 / 100), 2) -> 480.56 | I66: =TRUNC(F66 * H66, 2) -> 961.12 | J66: =I66 / H127 -> 0.0017424666 | K66: =TRUNC(F66*G66,2) -> 746.1 | L66: =((100+$L$3)/100)*H66 -> 518.90869 | M66: =TRUNC(L66*F66,2) -> 1037.81
A67: 5.2.8 | B67: 86883 | C67: SINAPI | D67: SIFÃO DO TIPO FLEXÍVEL EM PVC 1 X 1.1/2 - FORNECIMENTO E INSTALAÇÃO. AF_01/2020 | E67: UN | F67: 30 | G67: =CPU!J346 -> 12.45 | H67: =TRUNC(G67 * (1 + 28.82 / 100), 2) -> 16.03 | I67: =TRUNC(F67 * H67, 2) -> 480.9 | J67: =I67 / H127 -> 0.0008718497 | K67: =TRUNC(F67*G67,2) -> 373.5 | L67: =((100+$L$3)/100)*H67 -> 17.309194 | M67: =TRUNC(L67*F67,2) -> 519.27
A68: 5.2.9 | B68: 89707 | C68: SINAPI | D68: CAIXA SIFONADA, PVC, DN 100 X 100 X 50 MM, JUNTA ELÁSTICA, FORNECIDA E INSTALADA EM RAMAL DE DESCARGA OU EM RAMAL DE ESGOTO SANITÁRIO. AF_08/2022 | E68: UN | F68: 1 | G68: =CPU!J354 -> 49.79 | H68: =TRUNC(G68 * (1 + 28.82 / 100), 2) -> 64.13 | I68: =TRUNC(F68 * H68, 2) -> 64.13 | J68: =I68 / H127 -> 0.00011626476 | K68: =TRUNC(F68*G68,2) -> 49.79 | L68: =((100+$L$3)/100)*H68 -> 69.247574 | M68: =TRUNC(L68*F68,2) -> 69.24
A69: 5.2.10 | B69: 103018 | C69: SINAPI | D69: VÁLVULA DE DESCARGA METÁLICA, BASE 1 1/4", ACABAMENTO METALICO CROMADO - FORNECIMENTO E INSTALAÇÃO. AF_08/2021 | E69: UN | F69: 12 | G69: =CPU!J364 -> 311.88 | H69: =TRUNC(G69 * (1 + 28.82 / 100), 2) -> 401.76 | I69: =TRUNC(F69 * H69, 2) -> 4821.12 | J69: =I69 / H127 -> 0.00874047 | K69: =TRUNC(F69*G69,2) -> 3742.56 | L69: =((100+$L$3)/100)*H69 -> 433.82045 | M69: =TRUNC(L69*F69,2) -> 5205.84
A70: 5.3 | D70: DIVERSOS | I70: =SUM(I71:I75) -> 6987.5 | J70: =I70 / H127 -> 0.012668018 | K70: =TRUNC(F70*G70,2) -> 0
A71: 5.3.1 | B71: 97903 | C71: SINAPI | D71: CAIXA ENTERRADA HIDRÁULICA RETANGULAR EM ALVENARIA COM TIJOLOS CERÂMICOS MACIÇOS, DIMENSÕES INTERNAS: 0,8X0,8X0,6 M PARA REDE DE ESGOTO. AF_12/2020 | E71: UN | F71: 1 | G71: =CPU!J372 -> 808.64 | H71: =TRUNC(G71 * (1 + 28.82 / 100), 2) -> 1041.69 | I71: =TRUNC(F71 * H71, 2) -> 1041.69 | J71: =I71 / H127 -> 0.0018885363 | K71: =TRUNC(F71*G71,2) -> 808.64 | L71: =((100+$L$3)/100)*H71 -> 1124.8169 | M71: =TRUNC(L71*F71,2) -> 1124.81
A72: 5.3.2 | B72: 98102 | C72: SINAPI | D72: CAIXA DE GORDURA SIMPLES, CIRCULAR, EM CONCRETO PRÉ-MOLDADO, DIÂMETRO INTERNO = 0,4 M, ALTURA INTERNA = 0,4 M. AF_12/2020 | E72: UN | F72: 2 | G72: =CPU!J391 -> 165.82 | H72: =TRUNC(G72 * (1 + 28.82 / 100), 2) -> 213.6 | I72: =TRUNC(F72 * H72, 2) -> 427.2 | J72: =I72 / H127 -> 0.00077449405 | K72: =TRUNC(F72*G72,2) -> 331.64 | L72: =((100+$L$3)/100)*H72 -> 230.64528 | M72: =TRUNC(L72*F72,2) -> 461.29
A73: 5.3.3 | B73: 102113 | C73: SINAPI | D73: BOMBA CENTRÍFUGA, TRIFÁSICA, 1 CV OU 0,99 HP, HM 14 A 40 M, Q 0,6 A 8,4 M3/H - FORNECIMENTO E INSTALAÇÃO. AF_12/2020 | E73: UN | F73: 1 | G73: =CPU!J401 -> 1682.73 | H73: =TRUNC(G73 * (1 + 28.82 / 100), 2) -> 2167.69 | I73: =TRUNC(F73 * H73, 2) -> 2167.69 | J73: =I73 / H127 -> 0.0039299228 | K73: =TRUNC(F73*G73,2) -> 1682.73 | L73: =((100+$L$3)/100)*H73 -> 2340.6717 | M73: =TRUNC(L73*F73,2) -> 2340.67
A74: 5.3.4 | B74: 94796 | C74: SINAPI | D74: TORNEIRA DE BOIA PARA CAIXA D | E74: UN | F74: 2 | G74: =CPU!J413 -> 36.32 | H74: =TRUNC(G74 * (1 + 28.82 / 100), 2) -> 46.78 | I74: =TRUNC(F74 * H74, 2) -> 93.56 | J74: =I74 / H127 -> 0.00016962 | K74: =TRUNC(F74*G74,2) -> 72.64 | L74: =((100+$L$3)/100)*H74 -> 50.513044 | M74: =TRUNC(L74*F74,2) -> 101.02
A75: 5.3.5 | B75: 180460 | C75: SEDOP | D75: RESERVATÓRIO EM POLIPROPILENO DE 500 L | E75: UN | F75: 1 | G75: =CPU!J421 -> 2528.62 | H75: =TRUNC(G75 * (1 + 28.82 / 100), 2) -> 3257.36 | I75: =TRUNC(F75 * H75, 2) -> 3257.36 | J75: =I75 / H127 -> 0.0059054446 | K75: =TRUNC(F75*G75,2) -> 2528.62 | L75: =((100+$L$3)/100)*H75 -> 3517.2973 | M75: =TRUNC(L75*F75,2) -> 3517.29
A76: 6 | D76: REVESTIMENTO PAREDE | I76: =SUM(I77:I81) -> 29855.6 | J76: =I76 / H127 -> 0.054126837 | K76: =TRUNC(F76*G76,2) -> 0 | L76: =((100+$L$3)/100)*H76 -> 0 | M76: =TRUNC(L76*F76,2) -> 0
A77: 6.1 | B77: 97633 | C77: SINAPI | D77: DEMOLIÇÃO DE REVESTIMENTO CERÂMICO, DE FORMA MANUAL, SEM REAPROVEITAMENTO. AF_09/2023 | E77: m² | F77: 100 | G77: =CPU!J433 -> 20.64 | H77: =TRUNC(G77 * (1 + 28.82 / 100), 2) -> 26.58 | I77: =TRUNC(F77 * H77, 2) -> 2658 | J77: =I77 / H127 -> 0.0048188324 | K77: =TRUNC(F77*G77,2) -> 2064 | L77: =((100+$L$3)/100)*H77 -> 28.701084 | M77: =TRUNC(L77*F77,2) -> 2870.1
A78: 6.2 | B78: 87905 | C78: SINAPI | D78: CHAPISCO APLICADO EM ALVENARIA (COM PRESENÇA DE VÃOS) E ESTRUTURAS DE CONCRETO DE FACHADA, COM COLHER DE PEDREIRO. ARGAMASSA TRAÇO 1:3 COM PREPARO EM BETONEIRA 400L. AF_10/2022 | E78: m² | F78: 100 | G78: =CPU!J439 -> 7.78 | H78: =TRUNC(G78 * (1 + 28.82 / 100), 2) -> 10.02 | I78: =TRUNC(F78 * H78, 2) -> 1002 | J78: =I78 / H127 -> 0.0018165802 | K78: =TRUNC(F78*G78,2) -> 778 | L78: =((100+$L$3)/100)*H78 -> 10.819596 | M78: =TRUNC(L78*F78,2) -> 1081.95
A79: 6.3 | B79: 87548 | C79: SINAPI | D79: MASSA ÚNICA, PARA RECEBIMENTO DE PINTURA, EM ARGAMASSA TRAÇO 1:2:8, PREPARO MANUAL, APLICADA MANUALMENTE EM FACES INTERNAS DE PAREDES, ESPESSURA DE 10MM, COM EXECUÇÃO DE TALISCAS. AF_06/2014 | E79: m² | F79: 100 | G79: =CPU!J446 -> 29.8 | H79: =TRUNC(G79 * (1 + 28.82 / 100), 2) -> 38.38 | I79: =TRUNC(F79 * H79, 2) -> 3838 | J79: =I79 / H127 -> 0.0069581184 | K79: =TRUNC(F79*G79,2) -> 2980 | L79: =((100+$L$3)/100)*H79 -> 41.442724 | M79: =TRUNC(L79*F79,2) -> 4144.27
A80: 6.4 | B80: 87273 | C80: SINAPI | D80: REVESTIMENTO CERÂMICO PARA PAREDES INTERNAS COM PLACAS TIPO ESMALTADA EXTRA DE DIMENSÕES 33X45 CM APLICADAS NA ALTURA INTEIRA DAS PAREDES. AF_02/2023_PE | E80: m² | F80: 100 | G80: =CPU!J453 -> 71.67 | H80: =TRUNC(G80 * (1 + 28.82 / 100), 2) -> 92.32 | I80: =TRUNC(F80 * H80, 2) -> 9232 | J80: =I80 / H127 -> 0.016737194 | K80: =TRUNC(F80*G80,2) -> 7167 | L80: =((100+$L$3)/100)*H80 -> 99.687136 | M80: =TRUNC(L80*F80,2) -> 9968.71
A81: 6.5 | B81: 110581 | C81: SEDOP | D81: CERÂMICA EM FACHADA 10x10cm (padrao medio) | E81: m² | F81: 80 | G81: =CPU!J462 -> 127.37 | H81: =TRUNC(G81 * (1 + 28.82 / 100), 2) -> 164.07 | I81: =TRUNC(F81 * H81, 2) -> 13125.6 | J81: =I81 / H127 -> 0.023796112 | K81: =TRUNC(F81*G81,2) -> 10189.6 | L81: =((100+$L$3)/100)*H81 -> 177.16279 | M81: =TRUNC(L81*F81,2) -> 14173.02
A82: 7 | D82: PISO | I82: =I83+I89+I95 -> 74786.9 | J82: =I82 / H127 -> 0.13558523 | K82: =TRUNC(F82*G82,2) -> 0
A83: 7.1 | D83: PISO INTERNO | I83: =SUM(I84:I88) -> 18865.1 | J83: =I83 / H127 -> 0.034201563 | K83: =TRUNC(F83*G83,2) -> 0
A84: 7.1.1 | B84: 97633 | C84: SINAPI | D84: DEMOLIÇÃO DE REVESTIMENTO CERÂMICO, DE FORMA MANUAL, SEM REAPROVEITAMENTO. AF_09/2023 | E84: m² | F84: 150 | G84: =CPU!J471 -> 20.64 | H84: =TRUNC(G84 * (1 + 28.82 / 100), 2) -> 26.58 | I84: =TRUNC(F84 * H84, 2) -> 3987 | J84: =I84 / H127 -> 0.0072282486 | K84: =TRUNC(F84*G84,2) -> 3096 | L84: =((100+$L$3)/100)*H84 -> 28.701084 | M84: =TRUNC(L84*F84,2) -> 4305.16
A85: 7.1.2 | B85: 97632 | C85: SINAPI | D85: DEMOLIÇÃO DE RODAPÉ CERÂMICO, DE FORMA MANUAL, SEM REAPROVEITAMENTO. AF_09/2023 | E85: M | F85: 100 | G85: =CPU!J477 -> 2.36 | H85: =TRUNC(G85 * (1 + 28.82 / 100), 2) -> 3.04 | I85: =TRUNC(F85 * H85, 2) -> 304 | J85: =I85 / H127 -> 0.00055113809 | K85: =TRUNC(F85*G85,2) -> 236 | L85: =((100+$L$3)/100)*H85 -> 3.282592 | M85: =TRUNC(L85*F85,2) -> 328.25
A86: 7.1.3 | B86: 88477 | C86: SINAPI | D86: CONTRAPISO COM ARGAMASSA AUTONIVELANTE, APLICADO SOBRE LAJE, ADERIDO, ESPESSURA 3CM. AF_07/2021 | E86: m² | F86: 60 | G86: =CPU!J483 -> 37.66 | H86: =TRUNC(G86 * (1 + 28.82 / 100), 2) -> 48.51 | I86: =TRUNC(F86 * H86, 2) -> 2910.6 | J86: =I86 / H127 -> 0.0052767846 | K86: =TRUNC(F86*G86,2) -> 2259.6 | L86: =((100+$L$3)/100)*H86 -> 52.381098 | M86: =TRUNC(L86*F86,2) -> 3142.86
A87: 7.1.4 | B87: 87251 | C87: SINAPI | D87: REVESTIMENTO CERÂMICO PARA PISO COM PLACAS TIPO ESMALTADA EXTRA DE DIMENSÕES 45X45 CM APLICADA EM AMBIENTES DE ÁREA MAIOR QUE 10 M2. AF_02/2023_PE | E87: m² | F87: 150 | G87: =CPU!J491 -> 55.25 | H87: =TRUNC(G87 * (1 + 28.82 / 100), 2) -> 71.17 | I87: =TRUNC(F87 * H87, 2) -> 10675.5 | J87: =I87 / H127 -> 0.019354193 | K87: =TRUNC(F87*G87,2) -> 8287.5 | L87: =((100+$L$3)/100)*H87 -> 76.849366 | M87: =TRUNC(L87*F87,2) -> 11527.4
A88: 7.1.5 | B88: 88648 | C88: SINAPI | D88: RODAPÉ CERÂMICO DE 7CM DE ALTURA COM PLACAS TIPO ESMALTADA EXTRA DE DIMENSÕES 35X35CM. AF_02/2023 | E88: M | F88: 100 | G88: =CPU!J500 -> 7.67 | H88: =TRUNC(G88 * (1 + 28.82 / 100), 2) -> 9.88 | I88: =TRUNC(F88 * H88, 2) -> 988 | J88: =I88 / H127 -> 0.0017911988 | K88: =TRUNC(F88*G88,2) -> 767 | L88: =((100+$L$3)/100)*H88 -> 10.668424 | M88: =TRUNC(L88*F88,2) -> 1066.84
A89: 7.2 | D89: PISO EXTERNO | I89: =SUM(I90:I94) -> 12925 | J89: =I89 / H127 -> 0.023432434 | K89: =TRUNC(F89*G89,2) -> 0
A90: 7.2.1 | B90: 104790 | C90: SINAPI | D90: DEMOLIÇÃO DE PISO DE CONCRETO SIMPLES, DE FORMA MECANIZADA COM MARTELETE, SEM REAPROVEITAMENTO. AF_09/2023 | E90: m³ | F90: 20.97 | G90: =CPU!J509 -> 95.49 | H90: =TRUNC(G90 * (1 + 28.82 / 100), 2) -> 123.01 | I90: =TRUNC(F90 * H90, 2) -> 2579.51 | J90: =I90 / H127 -> 0.0046765336 | K90: =TRUNC(F90*G90,2) -> 2002.42 | L90: =((100+$L$3)/100)*H90 -> 132.8262 | M90: =TRUNC(L90*F90,2) -> 2785.36
A91: 7.2.2 | B91: 94319 | C91: SINAPI | D91: ATERRO MANUAL DE VALAS COM SOLO ARGILO-ARENOSO. AF_08/2023 | E91: m³ | F91: 7 | G91: =CPU!J519 -> 73.6 | H91: =TRUNC(G91 * (1 + 28.82 / 100), 2) -> 94.81 | I91: =TRUNC(F91 * H91, 2) -> 663.67 | J91: =I91 / H127 -> 0.0012032033 | K91: =TRUNC(F91*G91,2) -> 515.2 | L91: =((100+$L$3)/100)*H91 -> 102.37584 | M91: =TRUNC(L91*F91,2) -> 716.63
A92: 7.2.3 | B92: 96620 | C92: SINAPI | D92: LASTRO DE CONCRETO MAGRO, APLICADO EM PISOS, LAJES SOBRE SOLO OU RADIERS. AF_08/2017 | E92: m³ | F92: 3.148 | G92: =CPU!J528 -> 741.52 | H92: =TRUNC(G92 * (1 + 28.82 / 100), 2) -> 955.22 | I92: =TRUNC(F92 * H92, 2) -> 3007.03 | J92: =I92 / H127 -> 0.0054516078 | K92: =TRUNC(F92*G92,2) -> 2334.3 | L92: =((100+$L$3)/100)*H92 -> 1031.4466 | M92: =TRUNC(L92*F92,2) -> 3246.99
A93: 7.2.4 | B93: 98680 | C93: SINAPI | D93: PISO CIMENTADO, TRAÇO 1:3 (CIMENTO E AREIA), ACABAMENTO LISO, ESPESSURA 3,0 CM, PREPARO MECÂNICO DA ARGAMASSA. AF_09/2020 | E93: m² | F93: 31.48 | G93: =CPU!J535 -> 53.3 | H93: =TRUNC(G93 * (1 + 28.82 / 100), 2) -> 68.66 | I93: =TRUNC(F93 * H93, 2) -> 2161.41 | J93: =I93 / H127 -> 0.0039185374 | K93: =TRUNC(F93*G93,2) -> 1677.88 | L93: =((100+$L$3)/100)*H93 -> 74.139068 | M93: =TRUNC(L93*F93,2) -> 2333.89
A94: 7.2.5 | B94: 103946 | C94: SINAPI | D94: PLANTIO DE GRAMA ESMERALDA OU SÃO CARLOS OU CURITIBANA, EM PLACAS. AF_05/2022 | E94: m² | F94: 209.73 | G94: =CPU!J544 -> 16.71 | H94: =TRUNC(G94 * (1 + 28.82 / 100), 2) -> 21.52 | I94: =TRUNC(F94 * H94, 2) -> 4513.38 | J94: =I94 / H127 -> 0.0081825514 | K94: =TRUNC(F94*G94,2) -> 3504.58 | L94: =((100+$L$3)/100)*H94 -> 23.237296 | M94: =TRUNC(L94*F94,2) -> 4873.55
A95: 7.3 | D95: PISO ESTACIONAMENTO | I95: =SUM(I96:I99) -> 42996.8 | J95: =I95 / H127 -> 0.077951231 | K95: =TRUNC(F95*G95,2) -> 0
A96: 7.3.1 | B96: 104796 | C96: SINAPI | D96: DEMOLIÇÃO DE GUIAS, SARJETAS OU SARJETÕES, DE FORMA MECANIZADA, SEM REAPROVEITAMENTO. AF_09/2023 | E96: M | F96: 60 | G96: =CPU!J551 -> 12.32 | H96: =TRUNC(G96 * (1 + 28.82 / 100), 2) -> 15.87 | I96: =TRUNC(F96 * H96, 2) -> 952.2 | J96: =I96 / H127 -> 0.001726295 | K96: =TRUNC(F96*G96,2) -> 739.2 | L96: =((100+$L$3)/100)*H96 -> 17.136426 | M96: =TRUNC(L96*F96,2) -> 1028.18
A97: 7.3.2 | B97: 94263 | C97: SINAPI | D97: GUIA (MEIO-FIO) CONCRETO, MOLDADA IN LOCO EM TRECHO RETO COM EXTRUSORA, 13 CM BASE X 22 CM ALTURA. AF_06/2016 | E97: M | F97: 60 | G97: =CPU!J561 -> 38.22 | H97: =TRUNC(G97 * (1 + 28.82 / 100), 2) -> 49.23 | I97: =TRUNC(F97 * H97, 2) -> 2953.8 | J97: =I97 / H127 -> 0.0053551043 | K97: =TRUNC(F97*G97,2) -> 2293.2 | L97: =((100+$L$3)/100)*H97 -> 53.158554 | M97: =TRUNC(L97*F97,2) -> 3189.51
A98: 7.3.3 | B98: 101747 | C98: SINAPI | D98: PISO EM CONCRETO 20 MPA PREPARO MECÂNICO, ESPESSURA 7CM. AF_09/2020 | E98: m² | F98: 230 | G98: =CPU!J573 -> 97.62 | H98: =TRUNC(G98 * (1 + 28.82 / 100), 2) -> 125.75 | I98: =TRUNC(F98 * H98, 2) -> 28922.5 | J98: =I98 / H127 -> 0.052435169 | K98: =TRUNC(F98*G98,2) -> 22452.6 | L98: =((100+$L$3)/100)*H98 -> 135.78485 | M98: =TRUNC(L98*F98,2) -> 31230.51
A99: 7.3.4 | B99: 101865 | C99: SINAPI | D99: REASSENTAMENTO DE BLOCOS RETANGULAR PARA PISO INTERTRAVADO, ESPESSURA DE 10 CM, EM VIA/ESTACIONAMENTO, COM REAPROVEITAMENTO DOS BLOCOS RETANGULAR - INCLUSO RETIRADA E COLOCAÇÃO DO MATERIAL. AF_12/2020 | E99: m² | F99: 230 | G99: =CPU!J582 -> 34.32 | H99: =TRUNC(G99 * (1 + 28.82 / 100), 2) -> 44.21 | I99: =TRUNC(F99 * H99, 2) -> 10168.3 | J99: =I99 / H127 -> 0.018434663 | K99: =TRUNC(F99*G99,2) -> 7893.6 | L99: =((100+$L$3)/100)*H99 -> 47.737958 | M99: =TRUNC(L99*F99,2) -> 10979.73
A100: 8 | D100: PINTURA | I100: =I101+I106+I109+I111+I116 -> 114453.02 | J100: =I100 / H127 -> 0.20749809 | K100: =TRUNC(F100*G100,2) -> 0
...

Sheet ORCAMENTO
A2: Obra | C2: Bancos | D2: B.D.I. | E2: Encargos Sociais
A3: MANUTEÇÃO PREVENTIVA E CORRETIVA DA CRECHE MUNICIPAL "ODINAMAR OLIVEIRA GOMES" | C3: SINAPI - 03/2025 - Pará SEDOP - 02/2025 - Pará | D3: =TRUNC(BDI!K37/100,4) -> 0.2882 | E3: Desonerado: 0,00%
A4: Planilha Orçamentária Resumida
A5: Item | B5: Descrição | E5: Total | F5: Peso (%)
A6: 1 | B6: SERVIÇOS PRELIMINARES | E6: =ORCDET!I6 -> 46850.25 | F6: =ORCDET!J6 -> 0.08493736
A7: 2 | B7: COBERTURA | E7: =ORCDET!I10 -> 160102.78 | F7: =ORCDET!J10 -> 0.29025901
A8: 3 | B8: ESQUADRIAS | E8: =ORCDET!I19 -> 23482.9 | F8: =ORCDET!J19 -> 0.042573423
A9: 4 | B9: INSTALAÇÕES ELÉTRICAS | E9: =ORCDET!I32 -> 47915.86 | F9: =ORCDET!J32 -> 0.086869262
A10: 5 | B10: INSTALAÇÕES HIDRÁULICAS | E10: =ORCDET!I55 -> 42823.63 | F10: =ORCDET!J55 -> 0.077637282
A11: 6 | B11: REVESTIMENTO PAREDE | E11: =ORCDET!I76 -> 29855.6 | F11: =ORCDET!J76 -> 0.054126837
A12: 7 | B12: PISO | E12: =ORCDET!I82 -> 74786.9 | F12: =ORCDET!J82 -> 0.13558523
A13: 8 | B13: PINTURA | E13: =ORCDET!I100 -> 114453.02 | F13: =ORCDET!J100 -> 0.20749809
A14: 9 | B14: PROTEÇÃO E COMBATE A INCÊNDIO | E14: =ORCDET!I118 -> 4246.17 | F14: =ORCDET!J118 -> 0.0076981119
A15: 10 | B15: SERVIÇOS FINAIS | E15: =ORCDET!I122 -> 7068.79 | F15: =ORCDET!J122 -> 0.012815393
B17: ANANINDEUA(PA), 17 DE ABRIL DE 2025 | D17: Total sem BDI | E17: =ORCDET!H125 -> 428248.74 | I17: =SUM(F6:F15) -> 1
D18: Total do BDI | E18: =ORCDET!H126 -> 123337.16
D19: Total Geral | E19: =SUM(E6:E15) -> 551585.9
B21: RIOL - Serviços de Construções LTDA.
B22: CNPJ: 09.335.585/0001-75
E27: Percentual | F27: 1
E28: Indice | F28: =(100-F27)/100 -> 0.99

Sheet ORCDET
A2: Obra | E2: Bancos | G2: B.D.I. | I2: Encargos Sociais
A3: =ORCAMENTO!A3 -> MANUTEÇÃO PREVENTIVA E CORRETIVA DA CRECHE MUNICIPAL "ODINAMAR OLIVEIRA GOMES" | E3: =ORCAMENTO!C3 -> SINAPI - 03/2025 - Pará SEDOP - 02/2025 - Pará | G3: 28,82% | I3: =ORCAMENTO!E3 -> Desonerado: 0,00%
A4: Orçamento Sintético
A5: Item | B5: Código | C5: Banco | D5: Descrição | E5: Und | F5: Quant. | G5: Valor Unit | H5: Valor Unit com BDI | I5: Total | J5: Peso (%)
A6: 1 | D6: SERVIÇOS PRELIMINARES | I6: =SUM(I7:I9) -> 46850.25 | J6: =I6 / H127 -> 0.08493736 | K6: =TRUNC(F6*G6,2) -> 0
A7: 1.1 | B7: 00000036 | C7: Próprio | D7: PLACA DE OBRA COM PLOTAGEM GRÁFICA | E7: m² | F7: 3 | G7: =CPU!J7 -> 247.5 | H7: =TRUNC(G7 * (1 + 28.82 / 100), 2) -> 318.82 | I7: =TRUNC(F7 * H7, 2) -> 956.46 | J7: =I7 / H127 -> 0.0017340182 | K7: =TRUNC(F7*G7,2) -> 742.5
A8: 1.2 | B8: 00000001 | C8: Próprio | D8: ADMINISTRAÇÃO LOCAL | E8: MÊS | F8: 6 | G8: =CPU!J12 -> 3462.72 | H8: =TRUNC(G8 * (1 + 28.82 / 100), 2) -> 4460.67 | I8: =TRUNC(F8 * H8, 2) -> 26764.02 | J8: =I8 / H127 -> 0.048521944 | K8: =TRUNC(F8*G8,2) -> 20776.32
A9: 1.3 | B9: 00000144 | C9: Próprio | D9: MOBILIZAÇÃO E DESMOBILIZAÇÃO DE PESSOAL E EQUIPAMENTO | E9: UN | F9: 1 | G9: =CPU!J18 -> 14850 | H9: =TRUNC(G9 * (1 + 28.82 / 100), 2) -> 19129.77 | I9: =TRUNC(F9 * H9, 2) -> 19129.77 | J9: =I9 / H127 -> 0.034681398 | K9: =TRUNC(F9*G9,2) -> 14850
A10: 2 | D10: COBERTURA | I10: =I11+I16 -> 160102.78 | J10: =I10 / H127 -> 0.29025901 | K10: =TRUNC(F10*G10,2) -> 0
A11: 2.1 | D11: TELHAS CERÂMICAS | I11: =SUM(I12:I15) -> 92054.61 | J11: =I11 / H127 -> 0.1668908 | K11: =TRUNC(F11*G11,2) -> 0
A12: 2.1.1 | B12: 100330 | C12: SINAPI | D12: RETIRADA E RECOLOCAÇÃO DE TELHA CERÂMICA CAPA-CANAL, COM ATÉ DUAS ÁGUAS, INCLUSO IÇAMENTO. AF_07/2019 | E12: m² | F12: 1271.78 | G12: =CPU!J23 -> 16.97 | H12: =TRUNC(G12 * (1 + 28.82 / 100), 2) -> 21.86 | I12: =TRUNC(F12 * H12, 2) -> 27801.11 | J12: =I12 / H127 -> 0.05040214 | K12: =TRUNC(F12*G12,2) -> 21582.1
A13: 2.1.2 | B13: 100392 | C13: SINAPI | D13: RETIRADA E RECOLOCAÇÃO DE RIPA EM TELHADOS DE ATÉ 2 ÁGUAS COM TELHA CERÂMICA CAPA-CANAL, INCLUSO TRANSPORTE VERTICAL. AF_07/2019 | E13: m² | F13: 1271.78 | G13: =CPU!J32 -> 13.73 | H13: =TRUNC(G13 * (1 + 28.82 / 100), 2) -> 17.68 | I13: =TRUNC(F13 * H13, 2) -> 22485.07 | J13: =I13 / H127 -> 0.040764403 | K13: =TRUNC(F13*G13,2) -> 17461.53
A14: 2.1.3 | B14: 94226 | C14: SINAPI | D14: SUBCOBERTURA COM MANTA PLÁSTICA REVESTIDA POR PELÍCULA DE ALUMÍNO, INCLUSO TRANSPORTE VERTICAL. AF_07/2019 | E14: m² | F14: 1271.78 | G14: =CPU!J42 -> 21.56 | H14: =TRUNC(G14 * (1 + 28.82 / 100), 2) -> 27.77 | I14: =TRUNC(F14 * H14, 2) -> 35317.33 | J14: =I14 / H127 -> 0.064028703 | K14: =TRUNC(F14*G14,2) -> 27419.57
A15: 2.1.4 | B15: 94219 | C15: SINAPI | D15: CUMEEIRA E ESPIGÃO PARA TELHA CERÂMICA EMBOÇADA COM ARGAMASSA TRAÇO 1:2:9 (CIMENTO, CAL E AREIA), PARA TELHADOS COM MAIS DE 2 ÁGUAS, INCLUSO TRANSPORTE VERTICAL. AF_07/2019 | E15: M | F15: 155 | G15: =CPU!J52 -> 32.31 | H15: =TRUNC(G15 * (1 + 28.82 / 100), 2) -> 41.62 | I15: =TRUNC(F15 * H15, 2) -> 6451.1 | J15: =I15 / H127 -> 0.011695549 | K15: =TRUNC(F15*G15,2) -> 5008.05
A16: 2.2 | D16: DIVERSOS | I16: =SUM(I17:I18) -> 68048.17 | J16: =I16 / H127 -> 0.12336822 | K16: =TRUNC(F16*G16,2) -> 0
A17: 2.2.1 | B17: 98547 | C17: SINAPI | D17: IMPERMEABILIZAÇÃO DE SUPERFÍCIE COM MANTA ASFÁLTICA, DUAS CAMADAS, INCLUSIVE APLICAÇÃO DE PRIMER ASFÁLTICO, E=3MM E E=4MM. AF_09/2023 | E17: m² | F17: 211.45 | G17: =CPU!J62 -> 241.44 | H17: =TRUNC(G17 * (1 + 28.82 / 100), 2) -> 311.02 | I17: =TRUNC(F17 * H17, 2) -> 65765.17 | J17: =I17 / H127 -> 0.11922924 | K17: =TRUNC(F17*G17,2) -> 51052.48
A18: 2.2.2 | B18: 95135 | C18: SINAPI | D18: LOCACAO DE ANDAIME METALICO TUBULAR TIPO TORRE | E18: M/MES | F18: 60 | G18: =CPU!J72 -> 29.54 | H18: =TRUNC(G18 * (1 + 28.82 / 100), 2) -> 38.05 | I18: =TRUNC(F18 * H18, 2) -> 2283 | J18: =I18 / H127 -> 0.0041389745 | K18: =TRUNC(F18*G18,2) -> 1772.4
A19: 3 | D19: ESQUADRIAS | I19: =I20+I24+I29 -> 23482.9 | J19: =I19 / H127 -> 0.042573423 | K19: =TRUNC(F19*G19,2) -> 0
A20: 3.1 | D20: MADEIRA | I20: =SUM(I21:I23) -> 5243.47 | J20: =I20 / H127 -> 0.0095061712 | K20: =TRUNC(F20*G20,2) -> 0
A21: 3.1.1 | B21: 97644 | C21: SINAPI | D21: REMOÇÃO DE PORTAS, DE FORMA MANUAL, SEM REAPROVEITAMENTO. AF_09/2023 | E21: m² | F21: 6.93 | G21: =CPU!J78 -> 8.63 | H21: =TRUNC(G21 * (1 + 28.82 / 100), 2) -> 11.11 | I21: =TRUNC(F21 * H21, 2) -> 76.99 | J21: =I21 / H127 -> 0.00013957935 | K21: =TRUNC(F21*G21,2) -> 59.8
A22: 3.1.2 | B22: 100689 | C22: SINAPI | D22: KIT DE PORTA DE MADEIRA FRISADA, SEMI-OCA (LEVE OU MÉDIA), PADRÃO MÉDIO, 80X210CM, ESPESSURA DE 3,5CM, ITENS INCLUSOS: DOBRADIÇAS, MONTAGEM E INSTALAÇÃO DE BATENTE, FECHADURA COM EXECUÇÃO DO FURO - FORNECIMENTO E INSTALAÇÃO. AF_12/2019 | E22: UN | F22: 3 | G22: =CPU!J84 -> 992.36 | H22: =TRUNC(G22 * (1 + 28.82 / 100), 2) -> 1278.35 | I22: =TRUNC(F22 * H22, 2) -> 3835.05 | J22: =I22 / H127 -> 0.0069527702 | K22: =TRUNC(F22*G22,2) -> 2977.08
A23: 3.1.3 | B23: 100685 | C23: SINAPI | D23: KIT DE PORTA DE MADEIRA PARA VERNIZ, SEMI-OCA (LEVE OU MÉDIA), PADRÃO MÉDIO, 90X210CM, ESPESSURA DE 3,5CM, ITENS INCLUSOS: DOBRADIÇAS, MONTAGEM E INSTALAÇÃO DE BATENTE, FECHADURA COM EXECUÇÃO DO FURO - FORNECIMENTO E INSTALAÇÃO. AF_12/2019 | E23: UN | F23: 1 | G23: =CPU!J92 -> 1033.56 | H23: =TRUNC(G23 * (1 + 28.82 / 100), 2) -> 1331.43 | I23: =TRUNC(F23 * H23, 2) -> 1331.43 | J23: =I23 / H127 -> 0.0024138217 | K23: =TRUNC(F23*G23,2) -> 1033.56
A24: 3.2 | D24: METÁLICAS | I24: =SUM(I25:I28) -> 13695.51 | J24: =I24 / H127 -> 0.024829333 | K24: =TRUNC(F24*G24,2) -> 0
A25: 3.2.1 | B25: 97645 | C25: SINAPI | D25: REMOÇÃO DE JANELAS, DE FORMA MANUAL, SEM REAPROVEITAMENTO. AF_09/2023 | E25: m² | F25: 12 | G25: =CPU!J100 -> 22.28 | H25: =TRUNC(G25 * (1 + 28.82 / 100), 2) -> 28.7 | I25: =TRUNC(F25 * H25, 2) -> 344.4 | J25: =I25 / H127 -> 0.00062438144 | K25: =TRUNC(F25*G25,2) -> 267.36
A26: 3.2.2 | B26: 94559 | C26: SINAPI | D26: JANELA DE AÇO TIPO BASCULANTE PARA VIDROS, COM BATENTE, FERRAGENS E PINTURA ANTICORROSIVA. EXCLUSIVE VIDROS, ACABAMENTO, ALIZAR E CONTRAMARCO. FORNECIMENTO E INSTALAÇÃO. AF_12/2019 | E26: m² | F26: 6 | G26: =CPU!J106 -> 463.46 | H26: =TRUNC(G26 * (1 + 28.82 / 100), 2) -> 597.02 | I26: =TRUNC(F26 * H26, 2) -> 3582.12 | J26: =I26 / H127 -> 0.0064942197 | K26: =TRUNC(F26*G26,2) -> 2780.76
A27: 3.2.3 | B27: 91341 | C27: SINAPI | D27: PORTA EM ALUMÍNIO DE ABRIR TIPO VENEZIANA COM GUARNIÇÃO, FIXAÇÃO COM PARAFUSOS - FORNECIMENTO E INSTALAÇÃO. AF_12/2019 | E27: m² | F27: 6 | G27: =CPU!J114 -> 466.77 | H27: =TRUNC(G27 * (1 + 28.82 / 100), 2) -> 601.29 | I27: =TRUNC(F27 * H27, 2) -> 3607.74 | J27: =I27 / H127 -> 0.0065406676 | K27: =TRUNC(F27*G27,2) -> 2800.62
A28: 3.2.4 | B28: 090071 | C28: SEDOP | D28: GRADE DE FERRO (incl. pint. anti-corrosiva) | E28: m² | F28: 15 | G28: =CPU!J124 -> 318.86 | H28: =TRUNC(G28 * (1 + 28.82 / 100), 2) -> 410.75 | I28: =TRUNC(F28 * H28, 2) -> 6161.25 | J28: =I28 / H127 -> 0.011170064 | K28: =TRUNC(F28*G28,2) -> 4782.9
A29: 3.3 | D29: FERRAGENS | I29: =SUM(I30:I31) -> 4543.92 | J29: =I29 / H127 -> 0.0082379191 | K29: =TRUNC(F29*G29,2) -> 0
A30: 3.3.1 | B30: 90830 | C30: SINAPI | D30: FECHADURA DE EMBUTIR COM CILINDRO, EXTERNA, COMPLETA, ACABAMENTO PADRÃO MÉDIO, INCLUSO EXECUÇÃO DE FURO - FORNECIMENTO E INSTALAÇÃO. AF_12/2019 | E30: UN | F30: 12 | G30: =CPU!J132 -> 156.63 | H30: =TRUNC(G30 * (1 + 28.82 / 100), 2) -> 201.77 | I30: =TRUNC(F30 * H30, 2) -> 2421.24 | J30: =I30 / H127 -> 0.0043895973 | K30: =TRUNC(F30*G30,2) -> 1879.56
A31: 3.3.2 | B31: 91306 | C31: SINAPI | D31: FECHADURA DE EMBUTIR PARA PORTAS INTERNAS, COMPLETA, ACABAMENTO PADRÃO MÉDIO, COM EXECUÇÃO DE FURO - FORNECIMENTO E INSTALAÇÃO. AF_12/2019 | E31: UN | F31: 12 | G31: =CPU!J139 -> 137.32 | H31: =TRUNC(G31 * (1 + 28.82 / 100), 2) -> 176.89 | I31: =TRUNC(F31 * H31, 2) -> 2122.68 | J31: =I31 / H127 -> 0.0038483217 | K31: =TRUNC(F31*G31,2) -> 1647.84
A32: 4 | D32: INSTALAÇÕES ELÉTRICAS | I32: =I33+I38+I44+I49 -> 47915.86 | J32: =I32 / H127 -> 0.086869262 | K32: =TRUNC(F32*G32,2) -> 0
A33: 4.1 | D33: QUADROS | I33: =SUM(I34:I37) -> 10605.99 | J33: =I33 / H127 -> 0.019228175 | K33: =TRUNC(F33*G33,2) -> 0
A34: 4.1.1 | B34: 101875 | C34: SINAPI | D34: QUADRO DE DISTRIBUIÇÃO DE ENERGIA EM CHAPA DE AÇO GALVANIZADO, DE EMBUTIR, COM BARRAMENTO TRIFÁSICO, PARA 12 DISJUNTORES DIN 100A - FORNECIMENTO E INSTALAÇÃO. AF_10/2020 | E34: UN | F34: 1 | G34: =CPU!J146 -> 372.73 | H34: =TRUNC(G34 * (1 + 28.82 / 100), 2) -> 480.15 | I34: =TRUNC(F34 * H34, 2) -> 480.15 | J34: =I34 / H127 -> 0.00087048998 | K34: =TRUNC(F34*G34,2) -> 372.73
A35: 4.1.2 | B35: 93653 | C35: SINAPI | D35: DISJUNTOR MONOPOLAR TIPO DIN, CORRENTE NOMINAL DE 10A - FORNECIMENTO E INSTALAÇÃO. AF_10/2020 | E35: UN | F35: 12 | G35: =CPU!J154 -> 11.29 | H35: =TRUNC(G35 * (1 + 28.82 / 100), 2) -> 14.54 | I35: =TRUNC(F35 * H35, 2) -> 174.48 | J35: =I35 / H127 -> 0.00031632426 | K35: =TRUNC(F35*G35,2) -> 135.48
A36: 4.1.3 | B36: 00000143 | C36: Próprio | D36: INTERRUPTOR DIFERENCIAL RESIDUAL 4P-40A-300mA - Copia da SEDOP (171418) | E36: UN | F36: 9 | G36: =CPU!J162 -> 163.36 | H36: =TRUNC(G36 * (1 + 28.82 / 100), 2) -> 210.44 | I36: =TRUNC(F36 * H36, 2) -> 1893.96 | J36: =I36 / H127 -> 0.0034336628 | K36: =TRUNC(F36*G36,2) -> 1470.24
A37: 4.1.4 | B37: 171491 | C37: SEDOP | D37: REVISÃO DE PONTOS DE ILUMINAÇÃO E FORÇA | E37: PT | F37: 60 | G37: =CPU!J169 -> 104.25 | H37: =TRUNC(G37 * (1 + 28.82 / 100), 2) -> 134.29 | I37: =TRUNC(F37 * H37, 2) -> 8057.4 | J37: =I37 / H127 -> 0.014607698 | K37: =TRUNC(F37*G37,2) -> 6255
A38: 4.2 | D38: ATERRAMENTO | I38: =SUM(I39:I43) -> 11827.69 | J38: =I38 / H127 -> 0.021443061 | K38: =TRUNC(F38*G38,2) -> 0
A39: 4.2.1 | B39: 96985 | C39: SINAPI | D39: HASTE DE ATERRAMENTO, DIÂMETRO 5/8", COM 3 METROS - FORNECIMENTO E INSTALAÇÃO. AF_08/2023 | E39: UN | F39: 1 | G39: =CPU!J181 -> 78.03 | H39: =TRUNC(G39 * (1 + 28.82 / 100), 2) -> 100.51 | I39: =TRUNC(F39 * H39, 2) -> 100.51 | J39: =I39 / H127 -> 0.00018222003 | K39: =TRUNC(F39*G39,2) -> 78.03
A40: 4.2.2 | B40: 95727 | C40: SINAPI | D40: ELETRODUTO RÍGIDO SOLDÁVEL, PVC, DN 25 MM (3/4''), APARENTE - FORNECIMENTO E INSTALAÇÃO. AF_10/2022 | E40: M | F40: 12 | G40: =CPU!J188 -> 17.47 | H40: =TRUNC(G40 * (1 + 28.82 / 100), 2) -> 22.5 | I40: =TRUNC(F40 * H40, 2) -> 270 | J40: =I40 / H127 -> 0.00048949765 | K40: =TRUNC(F40*G40,2) -> 209.64
A41: 4.2.3 | B41: 98111 | C41: SINAPI | D41: CAIXA DE INSPEÇÃO PARA ATERRAMENTO, CIRCULAR, EM POLIETILENO, DIÂMETRO INTERNO = 0,3 M. AF_12/2020 | E41: UN | F41: 1 | G41: =CPU!J196 -> 58.9 | H41: =TRUNC(G41 * (1 + 28.82 / 100), 2) -> 75.87 | I41: =TRUNC(F41 * H41, 2) -> 75.87 | J41: =I41 / H127 -> 0.00013754884 | K41: =TRUNC(F41*G41,2) -> 58.9
A42: 4.2.4 | B42: 96971 | C42: SINAPI | D42: CORDOALHA DE COBRE NU 16 MM², NÃO ENTERRADA, COM ISOLADOR - FORNECIMENTO E INSTALAÇÃO. AF_12/2017 | E42: M | F42: 250 | G42: =CPU!J204 -> 35.27 | H42: =TRUNC(G42 * (1 + 28.82 / 100), 2) -> 45.43 | I42: =TRUNC(F42 * H42, 2) -> 11357.5 | J42: =I42 / H127 -> 0.020590628 | K42: =TRUNC(F42*G42,2) -> 8817.5
A43: 4.2.5 | B43: 72260 | C43: SINAPI | D43: TERMINAL OU CONECTOR DE PRESSAO - PARA CABO 16MM2 - FORNECIMENTO E INSTALACAO | E43: UN | F43: 1 | G43: =CPU!J212 -> 18.49 | H43: =TRUNC(G43 * (1 + 28.82 / 100), 2) -> 23.81 | I43: =TRUNC(F43 * H43, 2) -> 23.81 | J43: =I43 / H127 -> 4.3166441e-05 | K43: =TRUNC(F43*G43,2) -> 18.49
A44: 4.3 | D44: LUMINÁRIAS | I44: =SUM(I45:I48) -> 14422.35 | J44: =I44 / H127 -> 0.026147061 | K44: =TRUNC(F44*G44,2) -> 0
A45: 4.3.1 | B45: 97665 | C45: SINAPI | D45: REMOÇÃO DE LUMINÁRIAS, DE FORMA MANUAL, SEM REAPROVEITAMENTO. AF_09/2023 | E45: UN | F45: 171 | G45: =CPU!J219 -> 1.62 | H45: =TRUNC(G45 * (1 + 28.82 / 100), 2) -> 2.08 | I45: =TRUNC(F45 * H45, 2) -> 355.68 | J45: =I45 / H127 -> 0.00064483157 | K45: =TRUNC(F45*G45,2) -> 277.02
A46: 4.3.2 | B46: 103782 | C46: SINAPI | D46: LUMINÁRIA TIPO PLAFON CIRCULAR, DE SOBREPOR, COM LED DE 12/13 W - FORNECIMENTO E INSTALAÇÃO. AF_03/2022 | E46: UN | F46: 135 | G46: =CPU!J225 -> 34.57 | H46: =TRUNC(G46 * (1 + 28.82 / 100), 2) -> 44.53 | I46: =TRUNC(F46 * H46, 2) -> 6011.55 | J46: =I46 / H127 -> 0.010898665 | K46: =TRUNC(F46*G46,2) -> 4666.95
A47: 4.3.3 | B47: 97607 | C47: SINAPI | D47: LUMINÁRIA ARANDELA TIPO TARTARUGA, DE SOBREPOR, COM 1 LÂMPADA LED DE 6 W, SEM REATOR - FORNECIMENTO E INSTALAÇÃO. AF_02/2020 | E47: UN | F47: 30 | G47: =CPU!J232 -> 121.86 | H47: =TRUNC(G47 * (1 + 28.82 / 100), 2) -> 156.98 | I47: =TRUNC(F47 * H47, 2) -> 4709.4 | J47: =I47 / H127 -> 0.0085379267 | K47: =TRUNC(F47*G47,2) -> 3655.8
A48: 4.3.4 | B48: 97600 | C48: SINAPI | D48: REFLETOR EM ALUMÍNIO, DE SUPORTE E ALÇA, COM 1 LÂMPADA VAPOR DE MERCÚRIO DE 125 W, COM REATOR ALTO FATOR DE POTÊNCIA - FORNECIMENTO E INSTALAÇÃO. AF_02/2020 | E48: UN | F48: 6 | G48: =CPU!J240 -> 432.87 | H48: =TRUNC(G48 * (1 + 28.82 / 100), 2) -> 557.62 | I48: =TRUNC(F48 * H48, 2) -> 3345.72 | J48: =I48 / H127 -> 0.0060656373 | K48: =TRUNC(F48*G48,2) -> 2597.22
A49: 4.4 | D49: TOMADAS E INTERRUPTORES | I49: =SUM(I50:I54) -> 11059.83 | J49: =I49 / H127 -> 0.020050966 | K49: =TRUNC(F49*G49,2) -> 0
A50: 4.4.1 | B50: 97660 | C50: SINAPI | D50: REMOÇÃO DE INTERRUPTORES/TOMADAS ELÉTRICAS, DE FORMA MANUAL, SEM REAPROVEITAMENTO. AF_09/2023 | E50: UN | F50: 205 | G50: =CPU!J249 -> 0.59 | H50: =TRUNC(G50 * (1 + 28.82 / 100), 2) -> 0.76 | I50: =TRUNC(F50 * H50, 2) -> 155.8 | J50: =I50 / H127 -> 0.00028245827 | K50: =TRUNC(F50*G50,2) -> 120.95
A51: 4.4.2 | B51: 91955 | C51: SINAPI | D51: INTERRUPTOR PARALELO (1 MÓDULO), 10A/250V, INCLUINDO SUPORTE E PLACA - FORNECIMENTO E INSTALAÇÃO. AF_03/2023 | E51: UN | F51: 52 | G51: =CPU!J255 -> 33.25 | H51: =TRUNC(G51 * (1 + 28.82 / 100), 2) -> 42.83 | I51: =TRUNC(F51 * H51, 2) -> 2227.16 | J51: =I51 / H127 -> 0.0040377392 | K51: =TRUNC(F51*G51,2) -> 1729
A52: 4.4.3 | B52: 91961 | C52: SINAPI | D52: INTERRUPTOR PARALELO (2 MÓDULOS), 10A/250V, INCLUINDO SUPORTE E PLACA - FORNECIMENTO E INSTALAÇÃO. AF_03/2023 | E52: UN | F52: 20 | G52: =CPU!J261 -> 53.62 | H52: =TRUNC(G52 * (1 + 28.82 / 100), 2) -> 69.07 | I52: =TRUNC(F52 * H52, 2) -> 1381.4 | J52: =I52 / H127 -> 0.002504415 | K52: =TRUNC(F52*G52,2) -> 1072.4
A53: 4.4.4 | B53: 91969 | C53: SINAPI | D53: INTERRUPTOR PARALELO (3 MÓDULOS), 10A/250V, INCLUINDO SUPORTE E PLACA - FORNECIMENTO E INSTALAÇÃO. AF_03/2023 | E53: UN | F53: 7 | G53: =CPU!J267 -> 73.93 | H53: =TRUNC(G53 * (1 + 28.82 / 100), 2) -> 95.23 | I53: =TRUNC(F53 * H53, 2) -> 666.61 | J53: =I53 / H127 -> 0.0012085334 | K53: =TRUNC(F53*G53,2) -> 517.51
A54: 4.4.5 | B54: 91992 | C54: SINAPI | D54: TOMADA ALTA DE EMBUTIR (1 MÓDULO), 2P+T 10 A, INCLUINDO SUPORTE E PLACA - FORNECIMENTO E INSTALAÇÃO. AF_03/2023 | E54: UN | F54: 126 | G54: =CPU!J273 -> 40.84 | H54: =TRUNC(G54 * (1 + 28.82 / 100), 2) -> 52.61 | I54: =TRUNC(F54 * H54, 2) -> 6628.86 | J54: =I54 / H127 -> 0.01201782 | K54: =TRUNC(F54*G54,2) -> 5145.84
A55: 5 | D55: INSTALAÇÕES HIDRÁULICAS | I55: =I56+I59+I70 -> 42823.63 | J55: =I55 / H127 -> 0.077637282 | K55: =TRUNC(F55*G55,2) -> 0
A56: 5.1 | D56: MANUTENÇÃO DE INSTAÇÕES | I56: =SUM(I57:I58) -> 21064.5 | J56: =I56 / H127 -> 0.038188975 | K56: =TRUNC(F56*G56,2) -> 0
A57: 5.1.1 | B57: 180844 | C57: SEDOP | D57: REVISÃO DE PONTO DE ÁGUA | E57: PT | F57: 50 | G57: =CPU!J279 -> 115.68 | H57: =TRUNC(G57 * (1 + 28.82 / 100), 2) -> 149.01 | I57: =TRUNC(F57 * H57, 2) -> 7450.5 | J57: =I57 / H127 -> 0.013507416 | K57: =TRUNC(F57*G57,2) -> 5784
A58: 5.1.2 | B58: 180845 | C58: SEDOP | D58: REVISÃO DE PONTO DE ESGOTO | E58: PT | F58: 60 | G58: =CPU!J284 -> 176.14 | H58: =TRUNC(G58 * (1 + 28.82 / 100), 2) -> 226.9 | I58: =TRUNC(F58 * H58, 2) -> 13614 | J58: =I58 / H127 -> 0.024681559 | K58: =TRUNC(F58*G58,2) -> 10568.4
A59: 5.2 | D59: APARELHOS SANITÁRIOS | I59: =SUM(I60:I69) -> 14771.63 | J59: =I59 / H127 -> 0.026780289 | K59: =TRUNC(F59*G59,2) -> 0
A60: 5.2.1 | B60: 97666 | C60: SINAPI | D60: REMOÇÃO DE METAIS SANITÁRIOS, DE FORMA MANUAL, SEM REAPROVEITAMENTO. AF_09/2023 | E60: UN | F60: 51 | G60: =CPU!J289 -> 8.3 | H60: =TRUNC(G60 * (1 + 28.82 / 100), 2) -> 10.69 | I60: =TRUNC(F60 * H60, 2) -> 545.19 | J60: =I60 / H127 -> 0.00098840453 | K60: =TRUNC(F60*G60,2) -> 423.3
A61: 5.2.2 | B61: 86888 | C61: SINAPI | D61: VASO SANITÁRIO SIFONADO COM CAIXA ACOPLADA LOUÇA BRANCA - FORNECIMENTO E INSTALAÇÃO. AF_01/2020 | E61: UN | F61: 1 | G61: =CPU!J295 -> 476.91 | H61: =TRUNC(G61 * (1 + 28.82 / 100), 2) -> 614.35 | I61: =TRUNC(F61 * H61, 2) -> 614.35 | J61: =I61 / H127 -> 0.0011137884 | K61: =TRUNC(F61*G61,2) -> 476.91
A62: 5.2.3 | B62: 86941 | C62: SINAPI | D62: LAVATÓRIO LOUÇA BRANCA COM COLUNA, 45 X 55CM OU EQUIVALENTE, PADRÃO MÉDIO, INCLUSO SIFÃO TIPO GARRAFA, VÁLVULA E ENGATE FLEXÍVEL DE 40CM EM METAL CROMADO, COM TORNEIRA CROMADA DE MESA, PADRÃO MÉDIO - FORNECIMENTO E INSTALAÇÃO. AF_01/2020 | E62: UN | F62: 1 | G62: =CPU!J305 -> 727.29 | H62: =TRUNC(G62 * (1 + 28.82 / 100), 2) -> 936.89 | I62: =TRUNC(F62 * H62, 2) -> 936.89 | J62: =I62 / H127 -> 0.0016985387 | K62: =TRUNC(F62*G62,2) -> 727.29
A63: 5.2.4 | B63: 86915 | C63: SINAPI | D63: TORNEIRA CROMADA DE MESA, 1/2 OU 3/4, PARA LAVATÓRIO, PADRÃO MÉDIO - FORNECIMENTO E INSTALAÇÃO. AF_01/2020 | E63: UN | F63: 14 | G63: =CPU!J314 -> 107.4 | H63: =TRUNC(G63 * (1 + 28.82 / 100), 2) -> 138.35 | I63: =TRUNC(F63 * H63, 2) -> 1936.9 | J63: =I63 / H127 -> 0.0035115111 | K63: =TRUNC(F63*G63,2) -> 1503.6
A64: 5.2.5 | B64: 86910 | C64: SINAPI | D64: TORNEIRA CROMADA TUBO MÓVEL, DE PAREDE, 1/2 OU 3/4, PARA PIA DE COZINHA, PADRÃO MÉDIO - FORNECIMENTO E INSTALAÇÃO. AF_01/2020 | E64: UN | F64: 31 | G64: =CPU!J322 -> 96.1 | H64: =TRUNC(G64 * (1 + 28.82 / 100), 2) -> 123.79 | I64: =TRUNC(F64 * H64, 2) -> 3837.49 | J64: =I64 / H127 -> 0.0069571938 | K64: =TRUNC(F64*G64,2) -> 2979.1
A65: 5.2.6 | B65: 86914 | C65: SINAPI | D65: TORNEIRA CROMADA 1/2 OU 3/4 PARA TANQUE, PADRÃO MÉDIO - FORNECIMENTO E INSTALAÇÃO. AF_01/2020 | E65: UN | F65: 6 | G65: =CPU!J330 -> 74.21 | H65: =TRUNC(G65 * (1 + 28.82 / 100), 2) -> 95.59 | I65: =TRUNC(F65 * H65, 2) -> 573.54 | J65: =I65 / H127 -> 0.0010398018 | K65: =TRUNC(F65*G65,2) -> 445.26
A66: 5.2.7 | B66: 100869 | C66: SINAPI | D66: BARRA DE APOIO RETA, EM ACO INOX POLIDO, COMPRIMENTO 90 CM, FIXADA NA PAREDE - FORNECIMENTO E INSTALAÇÃO. AF_01/2020 | E66: UN | F66: 2 | G66: =CPU!J338 -> 373.05 | H66: =TRUNC(G66 * (1 + 28.82 / 100), 2) -> 480.56 | I66: =TRUNC(F66 * H66, 2) -> 961.12 | J66: =I66 / H127 -> 0.0017424666 | K66: =TRUNC(F66*G66,2) -> 746.1
A67: 5.2.8 | B67: 86883 | C67: SINAPI | D67: SIFÃO DO TIPO FLEXÍVEL EM PVC 1 X 1.1/2 - FORNECIMENTO E INSTALAÇÃO. AF_01/2020 | E67: UN | F67: 30 | G67: =CPU!J346 -> 12.45 | H67: =TRUNC(G67 * (1 + 28.82 / 100), 2) -> 16.03 | I67: =TRUNC(F67 * H67, 2) -> 480.9 | J67: =I67 / H127 -> 0.0008718497 | K67: =TRUNC(F67*G67,2) -> 373.5
A68: 5.2.9 | B68: 89707 | C68: SINAPI | D68: CAIXA SIFONADA, PVC, DN 100 X 100 X 50 MM, JUNTA ELÁSTICA, FORNECIDA E INSTALADA EM RAMAL DE DESCARGA OU EM RAMAL DE ESGOTO SANITÁRIO. AF_08/2022 | E68: UN | F68: 1 | G68: =CPU!J354 -> 49.79 | H68: =TRUNC(G68 * (1 + 28.82 / 100), 2) -> 64.13 | I68: =TRUNC(F68 * H68, 2) -> 64.13 | J68: =I68 / H127 -> 0.00011626476 | K68: =TRUNC(F68*G68,2) -> 49.79
A69: 5.2.10 | B69: 103018 | C69: SINAPI | D69: VÁLVULA DE DESCARGA METÁLICA, BASE 1 1/4", ACABAMENTO METALICO CROMADO - FORNECIMENTO E INSTALAÇÃO. AF_08/2021 | E69: UN | F69: 12 | G69: =CPU!J364 -> 311.88 | H69: =TRUNC(G69 * (1 + 28.82 / 100), 2) -> 401.76 | I69: =TRUNC(F69 * H69, 2) -> 4821.12 | J69: =I69 / H127 -> 0.00874047 | K69: =TRUNC(F69*G69,2) -> 3742.56
A70: 5.3 | D70: DIVERSOS | I70: =SUM(I71:I75) -> 6987.5 | J70: =I70 / H127 -> 0.012668018 | K70: =TRUNC(F70*G70,2) -> 0
A71: 5.3.1 | B71: 97903 | C71: SINAPI | D71: CAIXA ENTERRADA HIDRÁULICA RETANGULAR EM ALVENARIA COM TIJOLOS CERÂMICOS MACIÇOS, DIMENSÕES INTERNAS: 0,8X0,8X0,6 M PARA REDE DE ESGOTO. AF_12/2020 | E71: UN | F71: 1 | G71: =CPU!J372 -> 808.64 | H71: =TRUNC(G71 * (1 + 28.82 / 100), 2) -> 1041.69 | I71: =TRUNC(F71 * H71, 2) -> 1041.69 | J71: =I71 / H127 -> 0.0018885363 | K71: =TRUNC(F71*G71,2) -> 808.64
A72: 5.3.2 | B72: 98102 | C72: SINAPI | D72: CAIXA DE GORDURA SIMPLES, CIRCULAR, EM CONCRETO PRÉ-MOLDADO, DIÂMETRO INTERNO = 0,4 M, ALTURA INTERNA = 0,4 M. AF_12/2020 | E72: UN | F72: 2 | G72: =CPU!J391 -> 165.82 | H72: =TRUNC(G72 * (1 + 28.82 / 100), 2) -> 213.6 | I72: =TRUNC(F72 * H72, 2) -> 427.2 | J72: =I72 / H127 -> 0.00077449405 | K72: =TRUNC(F72*G72,2) -> 331.64
A73: 5.3.3 | B73: 102113 | C73: SINAPI | D73: BOMBA CENTRÍFUGA, TRIFÁSICA, 1 CV OU 0,99 HP, HM 14 A 40 M, Q 0,6 A 8,4 M3/H - FORNECIMENTO E INSTALAÇÃO. AF_12/2020 | E73: UN | F73: 1 | G73: =CPU!J401 -> 1682.73 | H73: =TRUNC(G73 * (1 + 28.82 / 100), 2) -> 2167.69 | I73: =TRUNC(F73 * H73, 2) -> 2167.69 | J73: =I73 / H127 -> 0.0039299228 | K73: =TRUNC(F73*G73,2) -> 1682.73
A74: 5.3.4 | B74: 94796 | C74: SINAPI | D74: TORNEIRA DE BOIA PARA CAIXA D | E74: UN | F74: 2 | G74: =CPU!J413 -> 36.32 | H74: =TRUNC(G74 * (1 + 28.82 / 100), 2) -> 46.78 | I74: =TRUNC(F74 * H74, 2) -> 93.56 | J74: =I74 / H127 -> 0.00016962 | K74: =TRUNC(F74*G74,2) -> 72.64
A75: 5.3.5 | B75: 180460 | C75: SEDOP | D75: RESERVATÓRIO EM POLIPROPILENO DE 500 L | E75: UN | F75: 1 | G75: =CPU!J421 -> 2528.62 | H75: =TRUNC(G75 * (1 + 28.82 / 100), 2) -> 3257.36 | I75: =TRUNC(F75 * H75, 2) -> 3257.36 | J75: =I75 / H127 -> 0.0059054446 | K75: =TRUNC(F75*G75,2) -> 2528.62
A76: 6 | D76: REVESTIMENTO PAREDE | I76: =SUM(I77:I81) -> 29855.6 | J76: =I76 / H127 -> 0.054126837 | K76: =TRUNC(F76*G76,2) -> 0
A77: 6.1 | B77: 97633 | C77: SINAPI | D77: DEMOLIÇÃO DE REVESTIMENTO CERÂMICO, DE FORMA MANUAL, SEM REAPROVEITAMENTO. AF_09/2023 | E77: m² | F77: 100 | G77: =CPU!J433 -> 20.64 | H77: =TRUNC(G77 * (1 + 28.82 / 100), 2) -> 26.58 | I77: =TRUNC(F77 * H77, 2) -> 2658 | J77: =I77 / H127 -> 0.0048188324 | K77: =TRUNC(F77*G77,2) -> 2064
A78: 6.2 | B78: 87905 | C78: SINAPI | D78: CHAPISCO APLICADO EM ALVENARIA (COM PRESENÇA DE VÃOS) E ESTRUTURAS DE CONCRETO DE FACHADA, COM COLHER DE PEDREIRO. ARGAMASSA TRAÇO 1:3 COM PREPARO EM BETONEIRA 400L. AF_10/2022 | E78: m² | F78: 100 | G78: =CPU!J439 -> 7.78 | H78: =TRUNC(G78 * (1 + 28.82 / 100), 2) -> 10.02 | I78: =TRUNC(F78 * H78, 2) -> 1002 | J78: =I78 / H127 -> 0.0018165802 | K78: =TRUNC(F78*G78,2) -> 778
A79: 6.3 | B79: 87548 | C79: SINAPI | D79: MASSA ÚNICA, PARA RECEBIMENTO DE PINTURA, EM ARGAMASSA TRAÇO 1:2:8, PREPARO MANUAL, APLICADA MANUALMENTE EM FACES INTERNAS DE PAREDES, ESPESSURA DE 10MM, COM EXECUÇÃO DE TALISCAS. AF_06/2014 | E79: m² | F79: 100 | G79: =CPU!J446 -> 29.8 | H79: =TRUNC(G79 * (1 + 28.82 / 100), 2) -> 38.38 | I79: =TRUNC(F79 * H79, 2) -> 3838 | J79: =I79 / H127 -> 0.0069581184 | K79: =TRUNC(F79*G79,2) -> 2980
A80: 6.4 | B80: 87273 | C80: SINAPI | D80: REVESTIMENTO CERÂMICO PARA PAREDES INTERNAS COM PLACAS TIPO ESMALTADA EXTRA DE DIMENSÕES 33X45 CM APLICADAS NA ALTURA INTEIRA DAS PAREDES. AF_02/2023_PE | E80: m² | F80: 100 | G80: =CPU!J453 -> 71.67 | H80: =TRUNC(G80 * (1 + 28.82 / 100), 2) -> 92.32 | I80: =TRUNC(F80 * H80, 2) -> 9232 | J80: =I80 / H127 -> 0.016737194 | K80: =TRUNC(F80*G80,2) -> 7167
A81: 6.5 | B81: 110581 | C81: SEDOP | D81: CERÂMICA EM FACHADA 10x10cm (padrao medio) | E81: m² | F81: 80 | G81: =CPU!J462 -> 127.37 | H81: =TRUNC(G81 * (1 + 28.82 / 100), 2) -> 164.07 | I81: =TRUNC(F81 * H81, 2) -> 13125.6 | J81: =I81 / H127 -> 0.023796112 | K81: =TRUNC(F81*G81,2) -> 10189.6
A82: 7 | D82: PISO | I82: =I83+I89+I95 -> 74786.9 | J82: =I82 / H127 -> 0.13558523 | K82: =TRUNC(F82*G82,2) -> 0
A83: 7.1 | D83: PISO INTERNO | I83: =SUM(I84:I88) -> 18865.1 | J83: =I83 / H127 -> 0.034201563 | K83: =TRUNC(F83*G83,2) -> 0
A84: 7.1.1 | B84: 97633 | C84: SINAPI | D84: DEMOLIÇÃO DE REVESTIMENTO CERÂMICO, DE FORMA MANUAL, SEM REAPROVEITAMENTO. AF_09/2023 | E84: m² | F84: 150 | G84: =CPU!J471 -> 20.64 | H84: =TRUNC(G84 * (1 + 28.82 / 100), 2) -> 26.58 | I84: =TRUNC(F84 * H84, 2) -> 3987 | J84: =I84 / H127 -> 0.0072282486 | K84: =TRUNC(F84*G84,2) -> 3096
A85: 7.1.2 | B85: 97632 | C85: SINAPI | D85: DEMOLIÇÃO DE RODAPÉ CERÂMICO, DE FORMA MANUAL, SEM REAPROVEITAMENTO. AF_09/2023 | E85: M | F85: 100 | G85: =CPU!J477 -> 2.36 | H85: =TRUNC(G85 * (1 + 28.82 / 100), 2) -> 3.04 | I85: =TRUNC(F85 * H85, 2) -> 304 | J85: =I85 / H127 -> 0.00055113809 | K85: =TRUNC(F85*G85,2) -> 236
A86: 7.1.3 | B86: 88477 | C86: SINAPI | D86: CONTRAPISO COM ARGAMASSA AUTONIVELANTE, APLICADO SOBRE LAJE, ADERIDO, ESPESSURA 3CM. AF_07/2021 | E86: m² | F86: 60 | G86: =CPU!J483 -> 37.66 | H86: =TRUNC(G86 * (1 + 28.82 / 100), 2) -> 48.51 | I86: =TRUNC(F86 * H86, 2) -> 2910.6 | J86: =I86 / H127 -> 0.0052767846 | K86: =TRUNC(F86*G86,2) -> 2259.6
A87: 7.1.4 | B87: 87251 | C87: SINAPI | D87: REVESTIMENTO CERÂMICO PARA PISO COM PLACAS TIPO ESMALTADA EXTRA DE DIMENSÕES 45X45 CM APLICADA EM AMBIENTES DE ÁREA MAIOR QUE 10 M2. AF_02/2023_PE | E87: m² | F87: 150 | G87: =CPU!J491 -> 55.25 | H87: =TRUNC(G87 * (1 + 28.82 / 100), 2) -> 71.17 | I87: =TRUNC(F87 * H87, 2) -> 10675.5 | J87: =I87 / H127 -> 0.019354193 | K87: =TRUNC(F87*G87,2) -> 8287.5
A88: 7.1.5 | B88: 88648 | C88: SINAPI | D88: RODAPÉ CERÂMICO DE 7CM DE ALTURA COM PLACAS TIPO ESMALTADA EXTRA DE DIMENSÕES 35X35CM. AF_02/2023 | E88: M | F88: 100 | G88: =CPU!J500 -> 7.67 | H88: =TRUNC(G88 * (1 + 28.82 / 100), 2) -> 9.88 | I88: =TRUNC(F88 * H88, 2) -> 988 | J88: =I88 / H127 -> 0.0017911988 | K88: =TRUNC(F88*G88,2) -> 767
A89: 7.2 | D89: PISO EXTERNO | I89: =SUM(I90:I94) -> 12925 | J89: =I89 / H127 -> 0.023432434 | K89: =TRUNC(F89*G89,2) -> 0
A90: 7.2.1 | B90: 104790 | C90: SINAPI | D90: DEMOLIÇÃO DE PISO DE CONCRETO SIMPLES, DE FORMA MECANIZADA COM MARTELETE, SEM REAPROVEITAMENTO. AF_09/2023 | E90: m³ | F90: 20.97 | G90: =CPU!J509 -> 95.49 | H90: =TRUNC(G90 * (1 + 28.82 / 100), 2) -> 123.01 | I90: =TRUNC(F90 * H90, 2) -> 2579.51 | J90: =I90 / H127 -> 0.0046765336 | K90: =TRUNC(F90*G90,2) -> 2002.42
A91: 7.2.2 | B91: 94319 | C91: SINAPI | D91: ATERRO MANUAL DE VALAS COM SOLO ARGILO-ARENOSO. AF_08/2023 | E91: m³ | F91: 7 | G91: =CPU!J519 -> 73.6 | H91: =TRUNC(G91 * (1 + 28.82 / 100), 2) -> 94.81 | I91: =TRUNC(F91 * H91, 2) -> 663.67 | J91: =I91 / H127 -> 0.0012032033 | K91: =TRUNC(F91*G91,2) -> 515.2
A92: 7.2.3 | B92: 96620 | C92: SINAPI | D92: LASTRO DE CONCRETO MAGRO, APLICADO EM PISOS, LAJES SOBRE SOLO OU RADIERS. AF_08/2017 | E92: m³ | F92: 3.148 | G92: =CPU!J528 -> 741.52 | H92: =TRUNC(G92 * (1 + 28.82 / 100), 2) -> 955.22 | I92: =TRUNC(F92 * H92, 2) -> 3007.03 | J92: =I92 / H127 -> 0.0054516078 | K92: =TRUNC(F92*G92,2) -> 2334.3
A93: 7.2.4 | B93: 98680 | C93: SINAPI | D93: PISO CIMENTADO, TRAÇO 1:3 (CIMENTO E AREIA), ACABAMENTO LISO, ESPESSURA 3,0 CM, PREPARO MECÂNICO DA ARGAMASSA. AF_09/2020 | E93: m² | F93: 31.48 | G93: =CPU!J535 -> 53.3 | H93: =TRUNC(G93 * (1 + 28.82 / 100), 2) -> 68.66 | I93: =TRUNC(F93 * H93, 2) -> 2161.41 | J93: =I93 / H127 -> 0.0039185374 | K93: =TRUNC(F93*G93,2) -> 1677.88
A94: 7.2.5 | B94: 103946 | C94: SINAPI | D94: PLANTIO DE GRAMA ESMERALDA OU SÃO CARLOS OU CURITIBANA, EM PLACAS. AF_05/2022 | E94: m² | F94: 209.73 | G94: =CPU!J544 -> 16.71 | H94: =TRUNC(G94 * (1 + 28.82 / 100), 2) -> 21.52 | I94: =TRUNC(F94 * H94, 2) -> 4513.38 | J94: =I94 / H127 -> 0.0081825514 | K94: =TRUNC(F94*G94,2) -> 3504.58
A95: 7.3 | D95: PISO ESTACIONAMENTO | I95: =SUM(I96:I99) -> 42996.8 | J95: =I95 / H127 -> 0.077951231 | K95: =TRUNC(F95*G95,2) -> 0
A96: 7.3.1 | B96: 104796 | C96: SINAPI | D96: DEMOLIÇÃO DE GUIAS, SARJETAS OU SARJETÕES, DE FORMA MECANIZADA, SEM REAPROVEITAMENTO. AF_09/2023 | E96: M | F96: 60 | G96: =CPU!J551 -> 12.32 | H96: =TRUNC(G96 * (1 + 28.82 / 100), 2) -> 15.87 | I96: =TRUNC(F96 * H96, 2) -> 952.2 | J96: =I96 / H127 -> 0.001726295 | K96: =TRUNC(F96*G96,2) -> 739.2
A97: 7.3.2 | B97: 94263 | C97: SINAPI | D97: GUIA (MEIO-FIO) CONCRETO, MOLDADA IN LOCO EM TRECHO RETO COM EXTRUSORA, 13 CM BASE X 22 CM ALTURA. AF_06/2016 | E97: M | F97: 60 | G97: =CPU!J561 -> 38.22 | H97: =TRUNC(G97 * (1 + 28.82 / 100), 2) -> 49.23 | I97: =TRUNC(F97 * H97, 2) -> 2953.8 | J97: =I97 / H127 -> 0.0053551043 | K97: =TRUNC(F97*G97,2) -> 2293.2
A98: 7.3.3 | B98: 101747 | C98: SINAPI | D98: PISO EM CONCRETO 20 MPA PREPARO MECÂNICO, ESPESSURA 7CM. AF_09/2020 | E98: m² | F98: 230 | G98: =CPU!J573 -> 97.62 | H98: =TRUNC(G98 * (1 + 28.82 / 100), 2) -> 125.75 | I98: =TRUNC(F98 * H98, 2) -> 28922.5 | J98: =I98 / H127 -> 0.052435169 | K98: =TRUNC(F98*G98,2) -> 22452.6
A99: 7.3.4 | B99: 101865 | C99: SINAPI | D99: REASSENTAMENTO DE BLOCOS RETANGULAR PARA PISO INTERTRAVADO, ESPESSURA DE 10 CM, EM VIA/ESTACIONAMENTO, COM REAPROVEITAMENTO DOS BLOCOS RETANGULAR - INCLUSO RETIRADA E COLOCAÇÃO DO MATERIAL. AF_12/2020 | E99: m² | F99: 230 | G99: =CPU!J582 -> 34.32 | H99: =TRUNC(G99 * (1 + 28.82 / 100), 2) -> 44.21 | I99: =TRUNC(F99 * H99, 2) -> 10168.3 | J99: =I99 / H127 -> 0.018434663 | K99: =TRUNC(F99*G99,2) -> 7893.6
A100: 8 | D100: PINTURA | I100: =I101+I106+I109+I111+I116 -> 114453.02 | J100: =I100 / H127 -> 0.20749809 | K100: =TRUNC(F100*G100,2) -> 0
A101: 8.1 | D101: PAREDES | I101: =SUM(I102:I105) -> 56564.48 | J101: =I101 / H127 -> 0.10254881 | K101: =TRUNC(F101*G101,2) -> 0
...

Sheet CPU
A2: Composições Analíticas com Preço Unitário | E2: Bancos | G2: B.D.I. | I2: Encargos Sociais
A3: =ORCAMENTO!A3 -> MANUTEÇÃO PREVENTIVA E CORRETIVA DA CRECHE MUNICIPAL "ODINAMAR OLIVEIRA GOMES" | E3: =ORCAMENTO!C3 -> SINAPI - 03/2025 - Pará SEDOP - 02/2025 - Pará | G3: =ORCAMENTO!D3 -> 0.2882 | I3: =ORCAMENTO!E3 -> Desonerado: 0,00%
A4: Composições Analíticas com Preço Unitário
A5: Composições Principais
A6: 1.1 | B6: Código | C6: Banco | D6: Descrição | E6: Tipo | G6: Und | H6: Quant. | I6: Valor Unit | J6: Total
A7: Composição | B7: 00000036 | C7: Próprio | D7: PLACA DE OBRA COM PLOTAGEM GRÁFICA | E7: CANT - CANTEIRO DE OBRAS | G7: m² | H7: 1 | I7: 247.5 | J7: 247.5
A8: Insumo | B8: 00004813 | C8: SINAPI | D8: PLACA DE OBRA (PARA CONSTRUCAO CIVIL) EM CHAPA GALVANIZADA *N. 22*, ADESIVADA, DE *2,4 X 1,2* M (SEM POSTES PARA FIXACAO) | E8: Material | G8: m² | H8: 1 | I8: 247.5 | J8: 247.5
E9: MO sem LS => | F9: 0 | G9: LS => | H9: 0 | I9: MO com LS => | J9: 0
E10: Valor do BDI => | F10: 71.32 | H10: Valor com BDI => | J10: 318.82
A11: 1.2 | B11: Código | C11: Banco | D11: Descrição | E11: Tipo | G11: Und | H11: Quant. | I11: Valor Unit | J11: Total
A12: Composição | B12: 00000001 | C12: Próprio | D12: ADMINISTRAÇÃO LOCAL | E12: SERT - SERVIÇOS TÉCNICOS | G12: MÊS | H12: 1 | I12: 3462.72 | J12: 3462.72
A13: Insumo | B13: 40811 | C13: SEDOP | D13: ENGENHEIRO CIVIL DE OBRA JUNIOR (MENSALISTA) | E13: Mão de Obra | G13: Mês | H13: 0.165 | I13: 11002 | J13: 1815.33
A14: Insumo | B14: 40819 | C14: SEDOP | D14: MESTRE DE OBRAS (MENSALISTA) | E14: Mão de Obra | G14: Mês | H14: 0.5 | I14: 3294.79 | J14: 1647.39
E15: MO sem LS => | F15: 3497.7 | G15: LS => | H15: 0 | I15: MO com LS => | J15: 3497.7
E16: Valor do BDI => | F16: 997.95 | H16: Valor com BDI => | J16: 4460.67
A17: 1.3 | B17: Código | C17: Banco | D17: Descrição | E17: Tipo | G17: Und | H17: Quant. | I17: Valor Unit | J17: Total
A18: Composição | B18: 00000144 | C18: Próprio | D18: MOBILIZAÇÃO E DESMOBILIZAÇÃO DE PESSOAL E EQUIPAMENTO | E18: SEDOP | G18: UN | H18: 1 | I18: 14850 | J18: 14850
A19: Insumo | B19: 00000076 | C19: Próprio | D19: Transporte fluvial de pessoal, materiais e insumos, inclusíve carga e descarga | E19: Equipamento | G19: T/km | H19: 100 | I19: 148.5 | J19: 14850
E20: MO sem LS => | F20: 0 | G20: LS => | H20: 0 | I20: MO com LS => | J20: 0
E21: Valor do BDI => | F21: 4279.77 | H21: Valor com BDI => | J21: 19129.77
A22: 2.1.1 | B22: Código | C22: Banco | D22: Descrição | E22: Tipo | G22: Und | H22: Quant. | I22: Valor Unit | J22: Total
A23: Composição | B23: 100330 | C23: SINAPI | D23: RETIRADA E RECOLOCAÇÃO DE TELHA CERÂMICA CAPA-CANAL, COM ATÉ DUAS ÁGUAS, INCLUSO IÇAMENTO. AF_07/2019 | E23: COBE - COBERTURA | G23: m² | H23: 1 | I23: 16.97 | J23: 16.97
A24: Composição Auxiliar | B24: 88316 | C24: SINAPI | D24: SERVENTE COM ENCARGOS COMPLEMENTARES | E24: SEDI - SERVIÇOS DIVERSOS | G24: H | H24: 0.285 | I24: 19.48 | J24: 5.55
A25: Composição Auxiliar | B25: 93281 | C25: SINAPI | D25: GUINCHO ELÉTRICO DE COLUNA, CAPACIDADE 400 KG, COM MOTO FREIO, MOTOR TRIFÁSICO DE 1,25 CV - CHP DIURNO. AF_03/2016 | E25: CHOR - CUSTOS HORÁRIOS DE MÁQUINAS E EQUIPAMENTOS | G25: CHP | H25: 0.0074 | I25: 22.92 | J25: 0.16
A26: Composição Auxiliar | B26: 88323 | C26: SINAPI | D26: TELHADISTA COM ENCARGOS COMPLEMENTARES | E26: SEDI - SERVIÇOS DIVERSOS | G26: H | H26: 0.183 | I26: 23.8 | J26: 4.35
A27: Composição Auxiliar | B27: 93282 | C27: SINAPI | D27: GUINCHO ELÉTRICO DE COLUNA, CAPACIDADE 400 KG, COM MOTO FREIO, MOTOR TRIFÁSICO DE 1,25 CV - CHI DIURNO. AF_03/2016 | E27: CHOR - CUSTOS HORÁRIOS DE MÁQUINAS E EQUIPAMENTOS | G27: CHI | H27: 0.0103 | I27: 21.68 | J27: 0.22
A28: Insumo | B28: 00007173 | C28: SINAPI | D28: TELHA DE BARRO / CERAMICA, NAO ESMALTADA, TIPO COLONIAL, CANAL, PLAN, PAULISTA, COMPRIMENTO DE *44 A 50* CM, RENDIMENTO DE COBERTURA DE *26* TELHAS/M2 | E28: Material | G28: MIL | H28: 0.0055 | I28: 1217.7 | J28: 6.69
E29: MO sem LS => | F29: 6.87 | G29: LS => | H29: 0 | I29: MO com LS => | J29: 6.87
E30: Valor do BDI => | F30: 4.89 | H30: Valor com BDI => | J30: 21.86
A31: 2.1.2 | B31: Código | C31: Banco | D31: Descrição | E31: Tipo | G31: Und | H31: Quant. | I31: Valor Unit | J31: Total
A32: Composição | B32: 100392 | C32: SINAPI | D32: RETIRADA E RECOLOCAÇÃO DE RIPA EM TELHADOS DE ATÉ 2 ÁGUAS COM TELHA CERÂMICA CAPA-CANAL, INCLUSO TRANSPORTE VERTICAL. AF_07/2019 | E32: COBE - COBERTURA | G32: m² | H32: 1 | I32: 13.73 | J32: 13.73
A33: Composição Auxiliar | B33: 93281 | C33: SINAPI | D33: GUINCHO ELÉTRICO DE COLUNA, CAPACIDADE 400 KG, COM MOTO FREIO, MOTOR TRIFÁSICO DE 1,25 CV - CHP DIURNO. AF_03/2016 | E33: CHOR - CUSTOS HORÁRIOS DE MÁQUINAS E EQUIPAMENTOS | G33: CHP | H33: 0.0188 | I33: 22.92 | J33: 0.43
A34: Composição Auxiliar | B34: 88239 | C34: SINAPI | D34: AJUDANTE DE CARPINTEIRO COM ENCARGOS COMPLEMENTARES | E34: SEDI - SERVIÇOS DIVERSOS | G34: H | H34: 0.207 | I34: 19.82 | J34: 4.1
A35: Composição Auxiliar | B35: 88262 | C35: SINAPI | D35: CARPINTEIRO DE FORMAS COM ENCARGOS COMPLEMENTARES | E35: SEDI - SERVIÇOS DIVERSOS | G35: H | H35: 0.092 | I35: 24.01 | J35: 2.2
A36: Composição Auxiliar | B36: 93282 | C36: SINAPI | D36: GUINCHO ELÉTRICO DE COLUNA, CAPACIDADE 400 KG, COM MOTO FREIO, MOTOR TRIFÁSICO DE 1,25 CV - CHI DIURNO. AF_03/2016 | E36: CHOR - CUSTOS HORÁRIOS DE MÁQUINAS E EQUIPAMENTOS | G36: CHI | H36: 0.026 | I36: 21.68 | J36: 0.56
A37: Insumo | B37: 00020247 | C37: SINAPI | D37: PREGO DE ACO POLIDO COM CABECA 15 X 15 (1 1/4 X 13) | E37: Material | G37: KG | H37: 0.03 | I37: 22.13 | J37: 0.66
A38: Insumo | B38: 00004408 | C38: SINAPI | D38: RIPA NAO APARELHADA, *1,5 X 5* CM, EM MACARANDUBA/MASSARANDUBA, ANGELIM OU EQUIVALENTE DA REGIAO - BRUTA | E38: Material | G38: M | H38: 2.572 | I38: 2.25 | J38: 5.78
E39: MO sem LS => | F39: 4.87 | G39: LS => | H39: 0 | I39: MO com LS => | J39: 4.87
E40: Valor do BDI => | F40: 3.95 | H40: Valor com BDI => | J40: 17.68
A41: 2.1.3 | B41: Código | C41: Banco | D41: Descrição | E41: Tipo | G41: Und | H41: Quant. | I41: Valor Unit | J41: Total
A42: Composição | B42: 94226 | C42: SINAPI | D42: SUBCOBERTURA COM MANTA PLÁSTICA REVESTIDA POR PELÍCULA DE ALUMÍNO, INCLUSO TRANSPORTE VERTICAL. AF_07/2019 | E42: COBE - COBERTURA | G42: m² | H42: 1 | I42: 21.56 | J42: 21.56
A43: Composição Auxiliar | B43: 93282 | C43: SINAPI | D43: GUINCHO ELÉTRICO DE COLUNA, CAPACIDADE 400 KG, COM MOTO FREIO, MOTOR TRIFÁSICO DE 1,25 CV - CHI DIURNO. AF_03/2016 | E43: CHOR - CUSTOS HORÁRIOS DE MÁQUINAS E EQUIPAMENTOS | G43: CHI | H43: 0.0002 | I43: 21.68 | J43: 0
A44: Composição Auxiliar | B44: 93281 | C44: SINAPI | D44: GUINCHO ELÉTRICO DE COLUNA, CAPACIDADE 400 KG, COM MOTO FREIO, MOTOR TRIFÁSICO DE 1,25 CV - CHP DIURNO. AF_03/2016 | E44: CHOR - CUSTOS HORÁRIOS DE MÁQUINAS E EQUIPAMENTOS | G44: CHP | H44: 0.0001 | I44: 22.92 | J44: 0
A45: Composição Auxiliar | B45: 88323 | C45: SINAPI | D45: TELHADISTA COM ENCARGOS COMPLEMENTARES | E45: SEDI - SERVIÇOS DIVERSOS | G45: H | H45: 0.183 | I45: 23.8 | J45: 4.35
A46: Composição Auxiliar | B46: 88316 | C46: SINAPI | D46: SERVENTE COM ENCARGOS COMPLEMENTARES | E46: SEDI - SERVIÇOS DIVERSOS | G46: H | H46: 0.184 | I46: 19.48 | J46: 3.58
A47: Insumo | B47: 00042528 | C47: SINAPI | D47: MANTA ALUMINIZADA NAS DUAS FACES, PARA SUBCOBERTURA, E = *2* MM | E47: Material | G47: m² | H47: 1.18 | I47: 10.41 | J47: 12.28
A48: Insumo | B48: 00042529 | C48: SINAPI | D48: FITA ADESIVA ALUMINIZADA, PARA INSTALACAO DE MANTAS DE SUBCOBERTURA, L = *5* CM | E48: Material | G48: M | H48: 0.88 | I48: 1.54 | J48: 1.35
E49: MO sem LS => | F49: 5.35 | G49: LS => | H49: 0 | I49: MO com LS => | J49: 5.35
E50: Valor do BDI => | F50: 6.21 | H50: Valor com BDI => | J50: 27.77
A51: 2.1.4 | B51: Código | C51: Banco | D51: Descrição | E51: Tipo | G51: Und | H51: Quant. | I51: Valor Unit | J51: Total
A52: Composição | B52: 94219 | C52: SINAPI | D52: CUMEEIRA E ESPIGÃO PARA TELHA CERÂMICA EMBOÇADA COM ARGAMASSA TRAÇO 1:2:9 (CIMENTO, CAL E AREIA), PARA TELHADOS COM MAIS DE 2 ÁGUAS, INCLUSO TRANSPORTE VERTICAL. AF_07/2019 | E52: COBE - COBERTURA | G52: M | H52: 1 | I52: 32.31 | J52: 32.31
A53: Composição Auxiliar | B53: 93282 | C53: SINAPI | D53: GUINCHO ELÉTRICO DE COLUNA, CAPACIDADE 400 KG, COM MOTO FREIO, MOTOR TRIFÁSICO DE 1,25 CV - CHI DIURNO. AF_03/2016 | E53: CHOR - CUSTOS HORÁRIOS DE MÁQUINAS E EQUIPAMENTOS | G53: CHI | H53: 0.0087 | I53: 21.68 | J53: 0.18
A54: Composição Auxiliar | B54: 93281 | C54: SINAPI | D54: GUINCHO ELÉTRICO DE COLUNA, CAPACIDADE 400 KG, COM MOTO FREIO, MOTOR TRIFÁSICO DE 1,25 CV - CHP DIURNO. AF_03/2016 | E54: CHOR - CUSTOS HORÁRIOS DE MÁQUINAS E EQUIPAMENTOS | G54: CHP | H54: 0.0063 | I54: 22.92 | J54: 0.14
A55: Composição Auxiliar | B55: 88316 | C55: SINAPI | D55: SERVENTE COM ENCARGOS COMPLEMENTARES | E55: SEDI - SERVIÇOS DIVERSOS | G55: H | H55: 0.35 | I55: 19.48 | J55: 6.81
A56: Composição Auxiliar | B56: 88323 | C56: SINAPI | D56: TELHADISTA COM ENCARGOS COMPLEMENTARES | E56: SEDI - SERVIÇOS DIVERSOS | G56: H | H56: 0.305 | I56: 23.8 | J56: 7.25
A57: Composição Auxiliar | B57: 87337 | C57: SINAPI | D57: ARGAMASSA TRAÇO 1:2:9 (EM VOLUME DE CIMENTO, CAL E AREIA MÉDIA ÚMIDA) PARA EMBOÇO/MASSA ÚNICA/ASSENTAMENTO DE ALVENARIA DE VEDAÇÃO, PREPARO MECÂNICO COM MISTURADOR DE EIXO HORIZONTAL DE 300 KG. AF_08/2019 | E57: SEDI - SERVIÇOS DIVERSOS | G57: m³ | H57: 0.0117 | I57: 728.01 | J57: 8.51
A58: Insumo | B58: 00007181 | C58: SINAPI | D58: CUMEEIRA PARA TELHA CERAMICA, COMPRIMENTO DE *41* CM, RENDIMENTO DE *3* TELHAS/M | E58: Material | G58: UN | H58: 3 | I58: 3.14 | J58: 9.42
E59: MO sem LS => | F59: 10.54 | G59: LS => | H59: 0 | I59: MO com LS => | J59: 10.54
E60: Valor do BDI => | F60: 9.31 | H60: Valor com BDI => | J60: 41.62
A61: 2.2.1 | B61: Código | C61: Banco | D61: Descrição | E61: Tipo | G61: Und | H61: Quant. | I61: Valor Unit | J61: Total
A62: Composição | B62: 98547 | C62: SINAPI | D62: IMPERMEABILIZAÇÃO DE SUPERFÍCIE COM MANTA ASFÁLTICA, DUAS CAMADAS, INCLUSIVE APLICAÇÃO DE PRIMER ASFÁLTICO, E=3MM E E=4MM. AF_09/2023 | E62: IMPE - IMPERMEABILIZAÇÕES E PROTEÇÕES DIVERSAS | G62: m² | H62: 1 | I62: 241.44 | J62: 241.44
A63: Composição Auxiliar | B63: 88243 | C63: SINAPI | D63: AJUDANTE ESPECIALIZADO COM ENCARGOS COMPLEMENTARES | E63: SEDI - SERVIÇOS DIVERSOS | G63: H | H63: 0.3348 | I63: 20.2 | J63: 6.76
A64: Composição Auxiliar | B64: 88270 | C64: SINAPI | D64: IMPERMEABILIZADOR COM ENCARGOS COMPLEMENTARES | E64: SEDI - SERVIÇOS DIVERSOS | G64: H | H64: 1.4849 | I64: 20.48 | J64: 30.41
A65: Insumo | B65: 00004226 | C65: SINAPI | D65: GAS DE COZINHA - GLP | E65: Material | G65: KG | H65: 0.52 | I65: 8.17 | J65: 4.24
A66: Insumo | B66: 00000511 | C66: SINAPI | D66: PRIMER PARA MANTA ASFALTICA A BASE DE ASFALTO MODIFICADO DILUIDO EM SOLVENTE, APLICACAO A FRIO | E66: Material | G66: L | H66: 0.5872 | I66: 25.98 | J66: 15.25
A67: Insumo | B67: 00004015 | C67: SINAPI | D67: MANTA ASFALTICA ELASTOMERICA EM POLIESTER 4 MM, TIPO III, CLASSE B, ACABAMENTO PP (NBR 9952) | E67: Material | G67: m² | H67: 1.1319 | I67: 89.99 | J67: 101.85
A68: Insumo | B68: 00004014 | C68: SINAPI | D68: MANTA ASFALTICA ELASTOMERICA EM POLIESTER 3 MM, TIPO III, CLASSE B, ACABAMENTO PP (NBR 9952) | E68: Material | G68: m² | H68: 1.1319 | I68: 73.27 | J68: 82.93
E69: MO sem LS => | F69: 24.1 | G69: LS => | H69: 0 | I69: MO com LS => | J69: 24.1
E70: Valor do BDI => | F70: 69.58 | H70: Valor com BDI => | J70: 311.02
A71: 2.2.2 | B71: Código | C71: Banco | D71: Descrição | E71: Tipo | G71: Und | H71: Quant. | I71: Valor Unit | J71: Total
A72: Composição | B72: 95135 | C72: SINAPI | D72: LOCACAO DE ANDAIME METALICO TUBULAR TIPO TORRE | E72: SEDI - SERVIÇOS DIVERSOS | G72: M/MES | H72: 1 | I72: 29.54 | J72: 29.54
A73: Composição Auxiliar | B73: 88316 | C73: SINAPI | D73: SERVENTE COM ENCARGOS COMPLEMENTARES | E73: SEDI - SERVIÇOS DIVERSOS | G73: H | H73: 0.5 | I73: 19.48 | J73: 9.74
A74: Insumo | B74: 00010527 | C74: SINAPI | D74: LOCACAO DE ANDAIME METALICO TUBULAR DE ENCAIXE, TIPO DE TORRE, CADA PAINEL COM LARGURA DE 1 ATE 1,5 M E ALTURA DE *1,00* M, INCLUINDO DIAGONAL, BARRAS DE LIGACAO, SAPATAS OU RODIZIOS E DEMAIS ITENS NECESSARIOS A MONTAGEM (NAO INCLUI INSTALACAO) | E74: Equipamento | G74: MXMES | H74: 1 | I74: 19.8 | J74: 19.8
E75: MO sem LS => | F75: 6.21 | G75: LS => | H75: 0 | I75: MO com LS => | J75: 6.21
E76: Valor do BDI => | F76: 8.51 | H76: Valor com BDI => | J76: 38.05
A77: 3.1.1 | B77: Código | C77: Banco | D77: Descrição | E77: Tipo | G77: Und | H77: Quant. | I77: Valor Unit | J77: Total
A78: Composição | B78: 97644 | C78: SINAPI | D78: REMOÇÃO DE PORTAS, DE FORMA MANUAL, SEM REAPROVEITAMENTO. AF_09/2023 | E78: SERP - SERVIÇOS PRELIMINARES | G78: m² | H78: 1 | I78: 8.63 | J78: 8.63
A79: Composição Auxiliar | B79: 88316 | C79: SINAPI | D79: SERVENTE COM ENCARGOS COMPLEMENTARES | E79: SEDI - SERVIÇOS DIVERSOS | G79: H | H79: 0.3075 | I79: 19.48 | J79: 5.99
A80: Composição Auxiliar | B80: 88309 | C80: SINAPI | D80: PEDREIRO COM ENCARGOS COMPLEMENTARES | E80: SEDI - SERVIÇOS DIVERSOS | G80: H | H80: 0.1087 | I80: 24.36 | J80: 2.64
E81: MO sem LS => | F81: 5.68 | G81: LS => | H81: 0 | I81: MO com LS => | J81: 5.68
E82: Valor do BDI => | F82: 2.48 | H82: Valor com BDI => | J82: 11.11
A83: 3.1.2 | B83: Código | C83: Banco | D83: Descrição | E83: Tipo | G83: Und | H83: Quant. | I83: Valor Unit | J83: Total
A84: Composição | B84: 100689 | C84: SINAPI | D84: KIT DE PORTA DE MADEIRA FRISADA, SEMI-OCA (LEVE OU MÉDIA), PADRÃO MÉDIO, 80X210CM, ESPESSURA DE 3,5CM, ITENS INCLUSOS: DOBRADIÇAS, MONTAGEM E INSTALAÇÃO DE BATENTE, FECHADURA COM EXECUÇÃO DO FURO - FORNECIMENTO E INSTALAÇÃO. AF_12/2019 | E84: ESQV - ESQUADRIAS/FERRAGENS/VIDROS | G84: UN | H84: 1 | I84: 992.36 | J84: 992.36
A85: Composição Auxiliar | B85: 91297 | C85: SINAPI | D85: PORTA DE MADEIRA FRISADA, SEMI-OCA (LEVE OU MÉDIA), 80X210CM, ESPESSURA DE 3,5CM, INCLUSO DOBRADIÇAS - FORNECIMENTO E INSTALAÇÃO. AF_12/2019 | E85: ESQV - ESQUADRIAS/FERRAGENS/VIDROS | G85: UN | H85: 1 | I85: 450.08 | J85: 450.08
A86: Composição Auxiliar | B86: 100659 | C86: SINAPI | D86: ALIZAR DE 5X1,5CM PARA PORTA FIXADO COM PREGOS, PADRÃO MÉDIO - FORNECIMENTO E INSTALAÇÃO. AF_12/2019 | E86: ESQV - ESQUADRIAS/FERRAGENS/VIDROS | G86: M | H86: 10 | I86: 7.77 | J86: 77.7
A87: Composição Auxiliar | B87: 90806 | C87: SINAPI | D87: BATENTE PARA PORTA DE MADEIRA, FIXAÇÃO COM ARGAMASSA, PADRÃO MÉDIO - FORNECIMENTO E INSTALAÇÃO. AF_12/2019 | E87: ESQV - ESQUADRIAS/FERRAGENS/VIDROS | G87: UN | H87: 1 | I87: 307.94 | J87: 307.94
A88: Composição Auxiliar | B88: 90830 | C88: SINAPI | D88: FECHADURA DE EMBUTIR COM CILINDRO, EXTERNA, COMPLETA, ACABAMENTO PADRÃO MÉDIO, INCLUSO EXECUÇÃO DE FURO - FORNECIMENTO E INSTALAÇÃO. AF_12/2019 | E88: ESQV - ESQUADRIAS/FERRAGENS/VIDROS | G88: UN | H88: 1 | I88: 156.64 | J88: 156.64
E89: MO sem LS => | F89: 179.24 | G89: LS => | H89: 0 | I89: MO com LS => | J89: 179.24
E90: Valor do BDI => | F90: 285.99 | H90: Valor com BDI => | J90: 1278.35
A91: 3.1.3 | B91: Código | C91: Banco | D91: Descrição | E91: Tipo | G91: Und | H91: Quant. | I91: Valor Unit | J91: Total
A92: Composição | B92: 100685 | C92: SINAPI | D92: KIT DE PORTA DE MADEIRA PARA VERNIZ, SEMI-OCA (LEVE OU MÉDIA), PADRÃO MÉDIO, 90X210CM, ESPESSURA DE 3,5CM, ITENS INCLUSOS: DOBRADIÇAS, MONTAGEM E INSTALAÇÃO DE BATENTE, FECHADURA COM EXECUÇÃO DO FURO - FORNECIMENTO E INSTALAÇÃO. AF_12/2019 | E92: ESQV - ESQUADRIAS/FERRAGENS/VIDROS | G92: UN | H92: 1 | I92: 1033.56 | J92: 1033.56
A93: Composição Auxiliar | B93: 90806 | C93: SINAPI | D93: BATENTE PARA PORTA DE MADEIRA, FIXAÇÃO COM ARGAMASSA, PADRÃO MÉDIO - FORNECIMENTO E INSTALAÇÃO. AF_12/2019 | E93: ESQV - ESQUADRIAS/FERRAGENS/VIDROS | G93: UN | H93: 1 | I93: 307.94 | J93: 307.94
A94: Composição Auxiliar | B94: 100659 | C94: SINAPI | D94: ALIZAR DE 5X1,5CM PARA PORTA FIXADO COM PREGOS, PADRÃO MÉDIO - FORNECIMENTO E INSTALAÇÃO. AF_12/2019 | E94: ESQV - ESQUADRIAS/FERRAGENS/VIDROS | G94: M | H94: 10.2 | I94: 7.77 | J94: 79.25
A95: Composição Auxiliar | B95: 91012 | C95: SINAPI | D95: PORTA DE MADEIRA PARA VERNIZ, SEMI-OCA (LEVE OU MÉDIA), 90X210CM, ESPESSURA DE 3,5CM, INCLUSO DOBRADIÇAS - FORNECIMENTO E INSTALAÇÃO. AF_12/2019 | E95: ESQV - ESQUADRIAS/FERRAGENS/VIDROS | G95: UN | H95: 1 | I95: 489.73 | J95: 489.73
A96: Composição Auxiliar | B96: 90830 | C96: SINAPI | D96: FECHADURA DE EMBUTIR COM CILINDRO, EXTERNA, COMPLETA, ACABAMENTO PADRÃO MÉDIO, INCLUSO EXECUÇÃO DE FURO - FORNECIMENTO E INSTALAÇÃO. AF_12/2019 | E96: ESQV - ESQUADRIAS/FERRAGENS/VIDROS | G96: UN | H96: 1 | I96: 156.64 | J96: 156.64
E97: MO sem LS => | F97: 182.48 | G97: LS => | H97: 0 | I97: MO com LS => | J97: 182.48
E98: Valor do BDI => | F98: 297.87 | H98: Valor com BDI => | J98: 1331.43
A99: 3.2.1 | B99: Código | C99: Banco | D99: Descrição | E99: Tipo | G99: Und | H99: Quant. | I99: Valor Unit | J99: Total
A100: Composição | B100: 97645 | C100: SINAPI | D100: REMOÇÃO DE JANELAS, DE FORMA MANUAL, SEM REAPROVEITAMENTO. AF_09/2023 | E100: SERP - SERVIÇOS PRELIMINARES | G100: m² | H100: 1 | I100: 22.28 | J100: 22.28
A101: Composição Auxiliar | B101: 88316 | C101: SINAPI | D101: SERVENTE COM ENCARGOS COMPLEMENTARES | E101: SEDI - SERVIÇOS DIVERSOS | G101: H | H101: 0.7936 | I101: 19.48 | J101: 15.45
...

Sheet CRONOGRAMA
A2: Obra | C2: Bancos | F2: B.D.I. | H2: Encargos Sociais
A3: =ORCAMENTO!A3 -> MANUTEÇÃO PREVENTIVA E CORRETIVA DA CRECHE MUNICIPAL "ODINAMAR OLIVEIRA GOMES" | C3: =ORCAMENTO!C3 -> SINAPI - 03/2025 - Pará SEDOP - 02/2025 - Pará | F3: 28,82% | H3: =ORCAMENTO!E3 -> Desonerado: 0,00%
A4: Cronograma Físico e Financeiro
A5: Item | B5: Descrição | C5: Total Por Etapa | D5: 30 DIAS | E5: 60 DIAS | F5: 90 DIAS | G5: 120 DIAS | H5: 150 DIAS | I5: 180 DIAS
A6: 1 | B6: =ORCAMENTO!B6 -> SERVIÇOS PRELIMINARES | C6: 1 | D6: 1
C7: =ORCAMENTO!E6 -> 46850.25 | D7: =C7 -> 46850.25
A8: 2 | B8: =ORCAMENTO!B7 -> COBERTURA | C8: 1 | E8: 0.5 | F8: 0.5
C9: =ORCAMENTO!E7 -> 160102.78 | E9: =TRUNC(C9*E8,2) -> 80051.39 | F9: =C9-E9 -> 80051.39
A10: 3 | B10: =ORCAMENTO!B8 -> ESQUADRIAS | C10: 1 | E10: 0.5 | F10: 0.5
C11: =ORCAMENTO!E8 -> 23482.9 | E11: =TRUNC(C11*E10,2) -> 11741.45 | F11: =C11-E11 -> 11741.45
A12: 4 | B12: =ORCAMENTO!B9 -> INSTALAÇÕES ELÉTRICAS | C12: 1 | E12: 0.25 | F12: 0.25 | G12: 0.5
C13: =ORCAMENTO!E9 -> 47915.86 | E13: =TRUNC(C13*E12,2) -> 11978.96 | F13: =TRUNC(C13*F12,2) -> 11978.96 | G13: =C13-E13-F13 -> 23957.94
A14: 5 | B14: =ORCAMENTO!B10 -> INSTALAÇÕES HIDRÁULICAS | C14: 1 | E14: 0.25 | F14: 0.25 | G14: 0.5
C15: =ORCAMENTO!E10 -> 42823.63 | E15: =TRUNC(C15*E14,2) -> 10705.9 | F15: =TRUNC(C15*F14,2) -> 10705.9 | G15: =C15-E15-F15 -> 21411.83
A16: 6 | B16: =ORCAMENTO!B11 -> REVESTIMENTO PAREDE | C16: 1 | E16: 0.25 | F16: 0.25 | G16: 0.25 | H16: 0.25
C17: =ORCAMENTO!E11 -> 29855.6 | E17: =TRUNC(C17*E16,2) -> 7463.9 | F17: =TRUNC(C17*F16,2) -> 7463.9 | G17: =TRUNC(C17*G16,2) -> 7463.9 | H17: =C17-E17-F17-G17 -> 7463.9
A18: 7 | B18: =ORCAMENTO!B12 -> PISO | C18: 1 | E18: 0.25 | F18: 0.25 | G18: 0.25 | H18: 0.25
C19: =ORCAMENTO!E12 -> 74786.9 | E19: =TRUNC(C19*E18,2) -> 18696.72 | F19: =TRUNC(C19*F18,2) -> 18696.72 | G19: =TRUNC(C19*G18,2) -> 18696.72 | H19: =C19-E19-F19-G19 -> 18696.74
A20: 8 | B20: =ORCAMENTO!B13 -> PINTURA | C20: 1 | F20: 0.25 | G20: 0.25 | H20: 0.25 | I20: 0.25
C21: =ORCAMENTO!E13 -> 114453.02 | F21: =TRUNC(C21*F20,2) -> 28613.25 | G21: =TRUNC(C21*G20,2) -> 28613.25 | H21: =TRUNC(C21*H20,2) -> 28613.25 | I21: =C21-F21-G21-H21 -> 28613.27
A22: 9 | B22: =ORCAMENTO!B14 -> PROTEÇÃO E COMBATE A INCÊNDIO | C22: 1 | I22: 1
C23: =ORCAMENTO!E14 -> 4246.17 | I23: =C23 -> 4246.17
A24: 10 | B24: =ORCAMENTO!B15 -> SERVIÇOS FINAIS | C24: 1 | I24: 1
C25: =ORCAMENTO!E15 -> 7068.79 | I25: =C25 -> 7068.79
A26: Porcentagem | D26: =ROUND(D27/I29,4) -> 0.0849 | E26: =ROUND(E27/I29,4) -> 0.255 | F26: =ROUND(F27/I29,4) -> 0.3068 | G26: =ROUND(G27/I29,4) -> 0.1816 | H26: =ROUND(H27/I29,4) -> 0.0993 | I26: =I28-H28 -> 0.0724
A27: Custo | D27: =D7+D9+D11+D13+D15+D17+D19+D21+D23+D25 -> 46850.25 | E27: =E7+E9+E11+E13+E15+E17+E19+E21+E23+E25 -> 140638.32 | F27: =F7+F9+F11+F13+F15+F17+F19+F21+F23+F25 -> 169251.57 | G27: =G7+G9+G11+G13+G15+G17+G19+G21+G23+G25 -> 100143.64 | H27: =H7+H9+H11+H13+H15+H17+H19+H21+H23+H25 -> 54773.89 | I27: =I7+I9+I11+I13+I15+I17+I19+I21+I23+I25 -> 39928.23
A28: Porcentagem Acumulado | D28: =D26 -> 0.0849 | E28: =D28+E26 -> 0.3399 | F28: =E28+F26 -> 0.6467 | G28: =F28+G26 -> 0.8283 | H28: =G28+H26 -> 0.9276 | I28: 1
A29: Custo Acumulado | D29: =D27 -> 46850.25 | E29: =D29+E27 -> 187488.57 | F29: =E29+F27 -> 356740.14 | G29: =F29+G27 -> 456883.78 | H29: =G29+H27 -> 511657.67 | I29: =H29+I27 -> 551585.9
B31: =ORCAMENTO!B17 -> ANANINDEUA(PA), 17 DE ABRIL DE 2025
B33: =ORCAMENTO!B21 -> RIOL - Serviços de Construções LTDA.
B34: =ORCAMENTO!B22 -> CNPJ: 09.335.585/0001-75

Sheet QUANTIDADES
A2: Obra
A3: =ORCAMENTO!A3 -> MANUTEÇÃO PREVENTIVA E CORRETIVA DA CRECHE MUNICIPAL "ODINAMAR OLIVEIRA GOMES"
A4: Memória de Cálculo
A5: Item | B5: Descrição | C5: Und | D5: Quant.
A6: 1 | B6: SERVIÇOS PRELIMINARES
A7: 1.1 | B7: PLACA DE OBRA COM PLOTAGEM GRÁFICA | C7: m² | D7: 3
A8: Local | B8: Descrição | C8: Fórmula
B9: Placa indicativa de Obra: 2,00x 1,50 metros | C9: 1,5*2
A10: 1.2 | B10: ADMINISTRAÇÃO LOCAL | C10: MÊS | D10: 6
A11: 1.3 | B11: MOBILIZAÇÃO E DESMOBILIZAÇÃO DE PESSOAL E EQUIPAMENTO | C11: UN | D11: 1
A12: 2 | B12: COBERTURA
A13: 2.1 | B13: TELHAS CERÂMICAS
A14: 2.1.1 | B14: RETIRADA E RECOLOCAÇÃO DE TELHA CERÂMICA CAPA-CANAL, COM ATÉ DUAS ÁGUAS, INCLUSO IÇAMENTO. AF_07/2019 | C14: m² | D14: 1271.78
A15: 2.1.2 | B15: RETIRADA E RECOLOCAÇÃO DE RIPA EM TELHADOS DE ATÉ 2 ÁGUAS COM TELHA CERÂMICA CAPA-CANAL, INCLUSO TRANSPORTE VERTICAL. AF_07/2019 | C15: m² | D15: 1271.78
A16: 2.1.3 | B16: SUBCOBERTURA COM MANTA PLÁSTICA REVESTIDA POR PELÍCULA DE ALUMÍNO, INCLUSO TRANSPORTE VERTICAL. AF_07/2019 | C16: m² | D16: 1271.78
A17: 2.1.4 | B17: CUMEEIRA E ESPIGÃO PARA TELHA CERÂMICA EMBOÇADA COM ARGAMASSA TRAÇO 1:2:9 (CIMENTO, CAL E AREIA), PARA TELHADOS COM MAIS DE 2 ÁGUAS, INCLUSO TRANSPORTE VERTICAL. AF_07/2019 | C17: M | D17: 155
A18: 2.2 | B18: DIVERSOS
A19: 2.2.1 | B19: IMPERMEABILIZAÇÃO DE SUPERFÍCIE COM MANTA ASFÁLTICA, DUAS CAMADAS, INCLUSIVE APLICAÇÃO DE PRIMER ASFÁLTICO, E=3MM E E=4MM. AF_09/2023 | C19: m² | D19: 211.45
A20: 2.2.2 | B20: LOCACAO DE ANDAIME METALICO TUBULAR TIPO TORRE | C20: M/MES | D20: 60
A21: 3 | B21: ESQUADRIAS
A22: 3.1 | B22: MADEIRA
A23: 3.1.1 | B23: REMOÇÃO DE PORTAS, DE FORMA MANUAL, SEM REAPROVEITAMENTO. AF_09/2023 | C23: m² | D23: 6.93
A24: Local | B24: Descrição | C24: Fórmula
B25: Remoção de portas | C25: 3*,8*2,1+,9*2,1
A26: 3.1.2 | B26: KIT DE PORTA DE MADEIRA FRISADA, SEMI-OCA (LEVE OU MÉDIA), PADRÃO MÉDIO, 80X210CM, ESPESSURA DE 3,5CM, ITENS INCLUSOS: DOBRADIÇAS, MONTAGEM E INSTALAÇÃO DE BATENTE, FECHADURA COM EXECUÇÃO DO FURO - FORNECIMENTO E INSTALAÇÃO. AF_12/2019 | C26: UN | D26: 3
A27: 3.1.3 | B27: KIT DE PORTA DE MADEIRA PARA VERNIZ, SEMI-OCA (LEVE OU MÉDIA), PADRÃO MÉDIO, 90X210CM, ESPESSURA DE 3,5CM, ITENS INCLUSOS: DOBRADIÇAS, MONTAGEM E INSTALAÇÃO DE BATENTE, FECHADURA COM EXECUÇÃO DO FURO - FORNECIMENTO E INSTALAÇÃO. AF_12/2019 | C27: UN | D27: 1
A28: 3.2 | B28: METÁLICAS
A29: 3.2.1 | B29: REMOÇÃO DE JANELAS, DE FORMA MANUAL, SEM REAPROVEITAMENTO. AF_09/2023 | C29: m² | D29: 12
A30: 3.2.2 | B30: JANELA DE AÇO TIPO BASCULANTE PARA VIDROS, COM BATENTE, FERRAGENS E PINTURA ANTICORROSIVA. EXCLUSIVE VIDROS, ACABAMENTO, ALIZAR E CONTRAMARCO. FORNECIMENTO E INSTALAÇÃO. AF_12/2019 | C30: m² | D30: 6
A31: 3.2.3 | B31: PORTA EM ALUMÍNIO DE ABRIR TIPO VENEZIANA COM GUARNIÇÃO, FIXAÇÃO COM PARAFUSOS - FORNECIMENTO E INSTALAÇÃO. AF_12/2019 | C31: m² | D31: 6
A32: 3.2.4 | B32: GRADE DE FERRO (incl. pint. anti-corrosiva) | C32: m² | D32: 15
A33: 3.3 | B33: FERRAGENS
A34: 3.3.1 | B34: FECHADURA DE EMBUTIR COM CILINDRO, EXTERNA, COMPLETA, ACABAMENTO PADRÃO MÉDIO, INCLUSO EXECUÇÃO DE FURO - FORNECIMENTO E INSTALAÇÃO. AF_12/2019 | C34: UN | D34: 12
A35: 3.3.2 | B35: FECHADURA DE EMBUTIR PARA PORTAS INTERNAS, COMPLETA, ACABAMENTO PADRÃO MÉDIO, COM EXECUÇÃO DE FURO - FORNECIMENTO E INSTALAÇÃO. AF_12/2019 | C35: UN | D35: 12
A36: 4 | B36: INSTALAÇÕES ELÉTRICAS
A37: 4.1 | B37: QUADROS
A38: 4.1.1 | B38: QUADRO DE DISTRIBUIÇÃO DE ENERGIA EM CHAPA DE AÇO GALVANIZADO, DE EMBUTIR, COM BARRAMENTO TRIFÁSICO, PARA 12 DISJUNTORES DIN 100A - FORNECIMENTO E INSTALAÇÃO. AF_10/2020 | C38: UN | D38: 1
A39: Local | B39: Descrição | C39: Fórmula
B40: QDG | C40: 1
A41: 4.1.2 | B41: DISJUNTOR MONOPOLAR TIPO DIN, CORRENTE NOMINAL DE 10A - FORNECIMENTO E INSTALAÇÃO. AF_10/2020 | C41: UN | D41: 12
A42: Local | B42: Descrição | C42: Fórmula
B43: Disjuntores de Distribuição | C43: 12
A44: 4.1.3 | B44: INTERRUPTOR DIFERENCIAL RESIDUAL 4P-40A-300mA - Copia da SEDOP (171418) | C44: UN | D44: 9
A45: Local | B45: Descrição | C45: Fórmula
B46: Proteção fases e neutro. | C46: 9
A47: 4.1.4 | B47: REVISÃO DE PONTOS DE ILUMINAÇÃO E FORÇA | C47: PT | D47: 60
A48: 4.2 | B48: ATERRAMENTO
A49: 4.2.1 | B49: HASTE DE ATERRAMENTO, DIÂMETRO 5/8", COM 3 METROS - FORNECIMENTO E INSTALAÇÃO. AF_08/2023 | C49: UN | D49: 1
A50: Local | B50: Descrição | C50: Fórmula
B51: Aterramento do QDG | C51: 1
A52: 4.2.2 | B52: ELETRODUTO RÍGIDO SOLDÁVEL, PVC, DN 25 MM (3/4''), APARENTE - FORNECIMENTO E INSTALAÇÃO. AF_10/2022 | C52: M | D52: 12
A53: Local | B53: Descrição | C53: Fórmula
B54: Descida QDG barra de aterramento | C54: 12
A55: 4.2.3 | B55: CAIXA DE INSPEÇÃO PARA ATERRAMENTO, CIRCULAR, EM POLIETILENO, DIÂMETRO INTERNO = 0,3 M. AF_12/2020 | C55: UN | D55: 1
A56: Local | B56: Descrição | C56: Fórmula
B57: Caixa barra de aterramento | C57: 1
A58: 4.2.4 | B58: CORDOALHA DE COBRE NU 16 MM², NÃO ENTERRADA, COM ISOLADOR - FORNECIMENTO E INSTALAÇÃO. AF_12/2017 | C58: M | D58: 250
A59: Local | B59: Descrição | C59: Fórmula
B60: Ligação QDG barra de aterramento, recomposição da malha aérea | C60: 250
A61: 4.2.5 | B61: TERMINAL OU CONECTOR DE PRESSAO - PARA CABO 16MM2 - FORNECIMENTO E INSTALACAO | C61: UN | D61: 1
A62: Local | B62: Descrição | C62: Fórmula
B63: Conector barra de aterramento | C63: 1
A64: 4.3 | B64: LUMINÁRIAS
A65: 4.3.1 | B65: REMOÇÃO DE LUMINÁRIAS, DE FORMA MANUAL, SEM REAPROVEITAMENTO. AF_09/2023 | C65: UN | D65: 171
A66: 4.3.2 | B66: LUMINÁRIA TIPO PLAFON CIRCULAR, DE SOBREPOR, COM LED DE 12/13 W - FORNECIMENTO E INSTALAÇÃO. AF_03/2022 | C66: UN | D66: 135
A67: 4.3.3 | B67: LUMINÁRIA ARANDELA TIPO TARTARUGA, DE SOBREPOR, COM 1 LÂMPADA LED DE 6 W, SEM REATOR - FORNECIMENTO E INSTALAÇÃO. AF_02/2020 | C67: UN | D67: 30
A68: 4.3.4 | B68: REFLETOR EM ALUMÍNIO, DE SUPORTE E ALÇA, COM 1 LÂMPADA VAPOR DE MERCÚRIO DE 125 W, COM REATOR ALTO FATOR DE POTÊNCIA - FORNECIMENTO E INSTALAÇÃO. AF_02/2020 | C68: UN | D68: 6
A69: 4.4 | B69: TOMADAS E INTERRUPTORES
A70: 4.4.1 | B70: REMOÇÃO DE INTERRUPTORES/TOMADAS ELÉTRICAS, DE FORMA MANUAL, SEM REAPROVEITAMENTO. AF_09/2023 | C70: UN | D70: 205
A71: 4.4.2 | B71: INTERRUPTOR PARALELO (1 MÓDULO), 10A/250V, INCLUINDO SUPORTE E PLACA - FORNECIMENTO E INSTALAÇÃO. AF_03/2023 | C71: UN | D71: 52
A72: 4.4.3 | B72: INTERRUPTOR PARALELO (2 MÓDULOS), 10A/250V, INCLUINDO SUPORTE E PLACA - FORNECIMENTO E INSTALAÇÃO. AF_03/2023 | C72: UN | D72: 20
A73: 4.4.4 | B73: INTERRUPTOR PARALELO (3 MÓDULOS), 10A/250V, INCLUINDO SUPORTE E PLACA - FORNECIMENTO E INSTALAÇÃO. AF_03/2023 | C73: UN | D73: 7
A74: 4.4.5 | B74: TOMADA ALTA DE EMBUTIR (1 MÓDULO), 2P+T 10 A, INCLUINDO SUPORTE E PLACA - FORNECIMENTO E INSTALAÇÃO. AF_03/2023 | C74: UN | D74: 126
A75: 5 | B75: INSTALAÇÕES HIDRÁULICAS
A76: 5.1 | B76: MANUTENÇÃO DE INSTAÇÕES
A77: 5.1.1 | B77: REVISÃO DE PONTO DE ÁGUA | C77: PT | D77: 50
A78: Local | B78: Descrição | C78: Fórmula
B79: Revisão do material aplicado, recompondo ao estado original (engates, buchas, e terminais de alimentação de água). | C79: 50
A80: 5.1.2 | B80: REVISÃO DE PONTO DE ESGOTO | C80: PT | D80: 60
A81: Local | B81: Descrição | C81: Fórmula
B82: Revisão do material aplicado, recompondo ao estado original (sifão, buchas, e terminais de alimentação de esgoto). | C82: 60
A83: 5.2 | B83: APARELHOS SANITÁRIOS
A84: 5.2.1 | B84: REMOÇÃO DE METAIS SANITÁRIOS, DE FORMA MANUAL, SEM REAPROVEITAMENTO. AF_09/2023 | C84: UN | D84: 51
A85: 5.2.2 | B85: VASO SANITÁRIO SIFONADO COM CAIXA ACOPLADA LOUÇA BRANCA - FORNECIMENTO E INSTALAÇÃO. AF_01/2020 | C85: UN | D85: 1
A86: 5.2.3 | B86: LAVATÓRIO LOUÇA BRANCA COM COLUNA, 45 X 55CM OU EQUIVALENTE, PADRÃO MÉDIO, INCLUSO SIFÃO TIPO GARRAFA, VÁLVULA E ENGATE FLEXÍVEL DE 40CM EM METAL CROMADO, COM TORNEIRA CROMADA DE MESA, PADRÃO MÉDIO - FORNECIMENTO E INSTALAÇÃO. AF_01/2020 | C86: UN | D86: 1
A87: 5.2.4 | B87: TORNEIRA CROMADA DE MESA, 1/2 OU 3/4, PARA LAVATÓRIO, PADRÃO MÉDIO - FORNECIMENTO E INSTALAÇÃO. AF_01/2020 | C87: UN | D87: 14
A88: 5.2.5 | B88: TORNEIRA CROMADA TUBO MÓVEL, DE PAREDE, 1/2 OU 3/4, PARA PIA DE COZINHA, PADRÃO MÉDIO - FORNECIMENTO E INSTALAÇÃO. AF_01/2020 | C88: UN | D88: 31
A89: 5.2.6 | B89: TORNEIRA CROMADA 1/2 OU 3/4 PARA TANQUE, PADRÃO MÉDIO - FORNECIMENTO E INSTALAÇÃO. AF_01/2020 | C89: UN | D89: 6
A90: 5.2.7 | B90: BARRA DE APOIO RETA, EM ACO INOX POLIDO, COMPRIMENTO 90 CM, FIXADA NA PAREDE - FORNECIMENTO E INSTALAÇÃO. AF_01/2020 | C90: UN | D90: 2
A91: 5.2.8 | B91: SIFÃO DO TIPO FLEXÍVEL EM PVC 1 X 1.1/2 - FORNECIMENTO E INSTALAÇÃO. AF_01/2020 | C91: UN | D91: 30
A92: 5.2.9 | B92: CAIXA SIFONADA, PVC, DN 100 X 100 X 50 MM, JUNTA ELÁSTICA, FORNECIDA E INSTALADA EM RAMAL DE DESCARGA OU EM RAMAL DE ESGOTO SANITÁRIO. AF_08/2022 | C92: UN | D92: 1
A93: 5.2.10 | B93: VÁLVULA DE DESCARGA METÁLICA, BASE 1 1/4", ACABAMENTO METALICO CROMADO - FORNECIMENTO E INSTALAÇÃO. AF_08/2021 | C93: UN | D93: 12
A94: 5.3 | B94: DIVERSOS
A95: 5.3.1 | B95: CAIXA ENTERRADA HIDRÁULICA RETANGULAR EM ALVENARIA COM TIJOLOS CERÂMICOS MACIÇOS, DIMENSÕES INTERNAS: 0,8X0,8X0,6 M PARA REDE DE ESGOTO. AF_12/2020 | C95: UN | D95: 1
A96: 5.3.2 | B96: CAIXA DE GORDURA SIMPLES, CIRCULAR, EM CONCRETO PRÉ-MOLDADO, DIÂMETRO INTERNO = 0,4 M, ALTURA INTERNA = 0,4 M. AF_12/2020 | C96: UN | D96: 2
A97: 5.3.3 | B97: BOMBA CENTRÍFUGA, TRIFÁSICA, 1 CV OU 0,99 HP, HM 14 A 40 M, Q 0,6 A 8,4 M3/H - FORNECIMENTO E INSTALAÇÃO. AF_12/2020 | C97: UN | D97: 1
A98: 5.3.4 | B98: TORNEIRA DE BOIA PARA CAIXA D | C98: UN | D98: 2
A99: 5.3.5 | B99: RESERVATÓRIO EM POLIPROPILENO DE 500 L | C99: UN | D99: 1
A100: 6 | B100: REVESTIMENTO PAREDE
A101: 6.1 | B101: DEMOLIÇÃO DE REVESTIMENTO CERÂMICO, DE FORMA MANUAL, SEM REAPROVEITAMENTO. AF_09/2023 | C101: m² | D101: 100
...

Sheet ENCARGOS
A2: ENCARGOS SOCIAIS SOBRE MÃO DE OBRA
A4: OBRA | B4: M. P. E C. CRECHE MUN. "ODINAMAR OLIVEIRA GOMES" | C4: COM DESONERAÇÃO
A5: CÓDIGO | B5: DESCRIÇÃO | C5: HORISTA % | E5: MENSALISTA
A7: GRUPO A
A8: A1 | B8: INSS | C8: 0 | E8: =C8 -> 0
A9: A2 | B9: SESI | C9: 0.015 | E9: =C9 -> 0.015
A10: A3 | B10: SENAI | C10: 0.01 | E10: =C10 -> 0.01
A11: A4 | B11: INCRA | C11: 0.002 | E11: =C11 -> 0.002
A12: A5 | B12: SEBRAE | C12: 0.006 | E12: =C12 -> 0.006
A13: A6 | B13: Salário Educação | C13: 0.025 | E13: =C13 -> 0.025
A14: A7 | B14: Seguro Contra Acidentes de Trabalho | C14: 0.03 | E14: =C14 -> 0.03
A15: A8 | B15: FGTS | C15: 0.08 | E15: =C15 -> 0.08
A16: A9 | B16: SECONCI | C16: 0 | E16: =C16 -> 0
A17: A | B17: TOTAL | C17: =SUM(C8:D16) -> 0.168 | E17: =SUM(E8:F16) -> 0.168
A19: GRUPO B
A20: B1 | B20: Repouso Semanal Remunerado | C20: 0.1811 | E20: Não incide
A21: B2 | B21: Feriados | C21: 0.0415 | E21: Não Incide
A22: B3 | B22: Auxilio - Enfermidade | C22: 0.0089 | E22: 0.0067
A23: B4 | B23: 13º Salário | C23: 0.1098 | E23: 0.0833
A24: B5 | B24: Licença Paternidade | C24: 0.0007 | E24: 0.0006
A25: B6 | B25: Faltas Justificadas | C25: 0.0073 | E25: 0.0056
A26: B7 | B26: Dias de Chuva | C26: 0.0268 | E26: Não incide
A27: B8 | B27: Auxílio Acidentes de Trabalho | C27: 0.0011 | E27: 0.0008
A28: B9 | B28: Férias Gozadas | C28: 0.0927 | E28: 0.0703
A29: B10 | B29: Salário maternidade | C29: 0.0003 | E29: =C29 -> 0.0003
A30: B | B30: TOTAL | C30: =SUM(C20:D29) -> 0.4702 | E30: =SUM(E20:F29) -> 0.1676
A32: GRUPO C
A33: C1 | B33: Avíso Prevéo Indenizado | C33: 0.0569 | E33: 0.0432
A34: C2 | B34: Avíso préveo trabalhado | C34: 0.0013 | E34: 0.001
A35: C3 | B35: Férias Indenizadas | C35: 0.0447 | E35: 0.0339
A36: C4 | B36: Depósito rescizão Sem Justa Causa | C36: 0.0393 | E36: 0.0298
A37: C5 | B37: Indenização Adicional | C37: 0.0048 | E37: 0.0036
A38: C | B38: TOTAL | C38: =SUM(C33:D37) -> 0.147 | E38: =SUM(E33:F37) -> 0.1115
A40: GRUPO D
A41: D1 | B41: Reincidência de Grupo A sobre Grupo B | C41: 0.079 | E41: 0.0282
A42: D2 | B42: Reincidência de Grupo A sobre Avíso Prévio Trabalhado e Reincidência Sobre do FGTS sobre Avíso Prévio Indenizado | C42: 0.0048 | E42: 0.0036
A43: D | B43: TOTAL | C43: =SUM(C41:D42) -> 0.0838 | E43: =SUM(E41:F42) -> 0.0318
B45: TOTAL (A + B + C + D) | C45: =C30+C38+C43+C17 -> 0.869 | E45: =E30+E38+E43+E17 -> 0.4789
B47: =ORCAMENTO!B17 -> ANANINDEUA(PA), 17 DE ABRIL DE 2025
B49: =ORCAMENTO!B21 -> RIOL - Serviços de Construções LTDA.
B50: =ORCAMENTO!B22 -> CNPJ: 09.335.585/0001-75

Sheet BDI
S1: ALTERNATIVAS | U1: SELECIONADO | V1: 1
S2: 1 | T2: COM DESONERAÇÃO
A3: OBRA: | B3: =ORCAMENTO!A3 -> MANUTEÇÃO PREVENTIVA E CORRETIVA DA CRECHE MUNICIPAL "ODINAMAR OLIVEIRA GOMES" | S3: 2 | T3: SEM DESONERAÇÃO
N5: LIMITES DE BDI | S5: OBRA TIPO | U5: SELECIONADO | V5: 1
B6: Declaro, para os devidos fins, que a alternativa de incidência da contribuição previdênciária | M6: OBRA TIPO | N6: Alternativa | Q6: =V1 -> 1 | S6: 1 | T6: Construção de edifícios. | V6: 1
A7: sobre folha de pagamento para a planilha orçamentária do presente Projeto Básico de Engenharia foi | O7: 1º Quartil | P7: Médio | Q7: 2º Quartil | S7: 2 | T7: Construção de rodovias e ferrovias.
B8: =IF(AND(V1<>1,V1<>2),"SELECT OPT",IF(V1=1,"COM DESONERAÇÃO",IF(V1=2,"SEM DESONERAÇÃO","SELECT OPT"))) -> COM DESONERAÇÃO | D8: , pois tornou-se a mais vantajosa para esta Adminisção Pública, | N8: 1 | O8: =IF($V$1=1,((((((20.34/100)+1)*(1-(5.15/100)))/(1-(9.65/100)))-1)*100),IF($V$1=2,20.34,"SELECT OPT")) -> 26.333691 | P8: =IF($V$1=1,((((((22.12/100)+1)*(1-(6.65/100)))/(1-(11.15/100)))-1)*100),IF($V$1=2,22.12,"SELECT OPT")) -> 28.305031 | Q8: =IF($V$1=1,((((((25/100)+1)*(1-(8.65/100)))/(1-(13.15/100)))-1)*100),IF($V$1=2,25,"SELECT OPT")) -> 31.476684 | S8: 3 | T8: Saneamento básico.
A9: uma vez que a meta estipulada alcançou uma maior área a ser beneficiada. | N9: 2 | O9: =IF($V$1=1,((((((19.6/100)+1)*(1-(5.15/100)))/(1-(9.65/100)))-1)*100),IF($V$1=2,19.6,"SELECT OPT")) -> 25.556835 | P9: =IF($V$1=1,((((((20.97/100)+1)*(1-(6.65/100)))/(1-(11.15/100)))-1)*100),IF($V$1=2,20.97,"SELECT OPT")) -> 27.096787 | Q9: =IF($V$1=1,((((((24.23/100)+1)*(1-(8.65/100)))/(1-(13.15/100)))-1)*100),IF($V$1=2,24.23,"SELECT OPT")) -> 30.666788 | S9: 4 | T9: Estações e redes de energia.
N10: 3 | O10: =IF($V$1=1,((((((20.76/100)+1)*(1-(5.15/100)))/(1-(9.65/100)))-1)*100),IF($V$1=2,20.76,"SELECT OPT")) -> 26.77461 | P10: =IF($V$1=1,((((((24.18/100)+1)*(1-(6.65/100)))/(1-(11.15/100)))-1)*100),IF($V$1=2,24.18,"SELECT OPT")) -> 30.469364 | Q10: =IF($V$1=1,((((((26.44/100)+1)*(1-(8.65/100)))/(1-(13.15/100)))-1)*100),IF($V$1=2,26.44,"SELECT OPT")) -> 32.991295 | S10: 5 | T10: Obras portuárias, marítmas e fluviais.
B11: Em ambas planilhas orçamentárias, no cálculo do BDI adotado, foram utilizados os | N11: 4 | O11: =IF($V$1=1,((((((24/100)+1)*(1-(5.15/100)))/(1-(9.65/100)))-1)*100),IF($V$1=2,24,"SELECT OPT")) -> 30.175982 | P11: =IF($V$1=1,((((((25.84/100)+1)*(1-(6.65/100)))/(1-(11.15/100)))-1)*100),IF($V$1=2,25.84,"SELECT OPT")) -> 32.213438 | Q11: =IF($V$1=1,((((((27.86/100)+1)*(1-(8.65/100)))/(1-(13.15/100)))-1)*100),IF($V$1=2,27.86,"SELECT OPT")) -> 34.48487 | S11: 6 | T11: Fornecimento de materiais e equipamentos.
A12: mesmos valores de seus componentes e, ainda, declaro que os percentuais relativos aos impostos | N12: 5 | O12: =IF($V$1=1,((((((22.8/100)+1)*(1-(5.15/100)))/(1-(9.65/100)))-1)*100),IF($V$1=2,22.8,"SELECT OPT")) -> 28.916215 | P12: =IF($V$1=1,((((((27.48/100)+1)*(1-(6.65/100)))/(1-(11.15/100)))-1)*100),IF($V$1=2,27.48,"SELECT OPT")) -> 33.9365 | Q12: =IF($V$1=1,((((((30.95/100)+1)*(1-(8.65/100)))/(1-(13.15/100)))-1)*100),IF($V$1=2,30.95,"SELECT OPT")) -> 37.734974
A13: estão de acordo com o que emanam as leis pertinentes. | N13: 6 | O13: =IF($V$1=1,((((((11.1/100)+1)*(1-(3.65/100)))/(1-(8.15/100)))-1)*100),IF($V$1=2,11.1,"SELECT OPT")) -> 16.543114 | P13: =IF($V$1=1,((((((14.02/100)+1)*(1-(3.65/100)))/(1-(8.15/100)))-1)*100),IF($V$1=2,14.02,"SELECT OPT")) -> 19.606173 | Q13: =IF($V$1=1,((((((16.8/100)+1)*(1-(3.65/100)))/(1-(8.15/100)))-1)*100),IF($V$1=2,16.8,"SELECT OPT")) -> 22.522373
N14: SELECIONADO | O14: =VLOOKUP($V$5,$N$8:$Q$13,2,0) -> 26.333691 | P14: =VLOOKUP($V$5,$N$8:$Q$13,3,0) -> 28.305031 | Q14: =VLOOKUP($V$5,$N$8:$Q$13,4,0) -> 31.476684
B15: Para fins de verificação do BDI em relação aos limites definidos no Acórdão 2.622/2013
A16: do Plenário do TCU, a obra foi enquadrada como: | O16: =
C18: =IF(AND($V$5<>1,$V$5<>2,$V$5<>3,$V$5<>4,$V$5<>5,$V$5<>6),"SELECT OPT",IF($V$5=1,$T$6,IF($V$5=2,$T$7,IF($V$5=3,$T$8,IF($V$5=4,$T$9,IF($V$5=5,$T$10,IF($V$5=6,$T$11,"SELECT OPT"))))))) -> Construção de edifícios.
B20: Ademais, informo que o percentual de BDI adotado foi obtido a partir da fórmula abaixo,
A21: seguida do memorial de cálculo do índice.
A25: DESCRIÇÃO | E25: VALORES DE REFERÊNCIA | K25: BDI ADOTADO
E26: 1º Quartil | G26: Médio | I26: 2º Quartil
A27: Administração Central | D27: (AC) | E27: =IF(AND($V$5<>1,$V$5<>2,$V$5<>3,$V$5<>4,$V$5<>5,$V$5<>6),"SELECT OPT",IF($V$5=1,3,IF($V$5=2,3.8,IF($V$5=3,3.43,IF($V$5=4,5.29,IF($V$5=5,4,IF($V$5=6,1.5,"SELECT OPT"))))))) -> 3 | G27: =IF(AND($V$5<>1,$V$5<>2,$V$5<>3,$V$5<>4,$V$5<>5,$V$5<>6),"SELECT OPT",IF($V$5=1,4,IF($V$5=2,4.01,IF($V$5=3,4.93,IF($V$5=4,5.92,IF($V$5=5,5.52,IF($V$5=6,3.45,"SELECT OPT"))))))) -> 4 | I27: =IF(AND($V$5<>1,$V$5<>2,$V$5<>3,$V$5<>4,$V$5<>5,$V$5<>6),"SELECT OPT",IF($V$5=1,5.5,IF($V$5=2,4.67,IF($V$5=3,6.71,IF($V$5=4,7.93,IF($V$5=5,7.85,IF($V$5=6,4.49,"SELECT OPT"))))))) -> 5.5 | K27: 3
A28: Seguro e Garantia (*) | D28: (S e G) | E28: 0.8 | G28: =IF(AND($V$5<>1,$V$5<>2,$V$5<>3,$V$5<>4,$V$5<>5,$V$5<>6),"SELECT OPT",IF($V$5=1,0.8,IF($V$5=2,0.4,IF($V$5=3,0.49,IF($V$5=4,0.51,IF($V$5=5,1.22,IF($V$5=6,0.48,"SELECT OPT"))))))) -> 0.8 | I28: =IF(AND($V$5<>1,$V$5<>2,$V$5<>3,$V$5<>4,$V$5<>5,$V$5<>6),"SELECT OPT",IF($V$5=1,1,IF($V$5=2,0.74,IF($V$5=3,0.75,IF($V$5=4,0.56,IF($V$5=5,1.99,IF($V$5=6,0.82,"SELECT OPT"))))))) -> 1 | K28: 0.8
A29: Risco | D29: (R) | E29: =IF(AND($V$5<>1,$V$5<>2,$V$5<>3,$V$5<>4,$V$5<>5,$V$5<>6),"SELECT OPT",IF($V$5=1,0.97,IF($V$5=2,0.5,IF($V$5=3,1,IF($V$5=4,1,IF($V$5=5,1.46,IF($V$5=6,0.56,"SELECT OPT"))))))) -> 0.97 | G29: =IF(AND($V$5<>1,$V$5<>2,$V$5<>3,$V$5<>4,$V$5<>5,$V$5<>6),"SELECT OPT",IF($V$5=1,1.27,IF($V$5=2,0.56,IF($V$5=3,1.39,IF($V$5=4,1.48,IF($V$5=5,2.32,IF($V$5=6,0.85,"SELECT OPT"))))))) -> 1.27 | I29: =IF(AND($V$5<>1,$V$5<>2,$V$5<>3,$V$5<>4,$V$5<>5,$V$5<>6),"SELECT OPT",IF($V$5=1,1.27,IF($V$5=2,0.97,IF($V$5=3,1.74,IF($V$5=4,1.97,IF($V$5=5,3.16,IF($V$5=6,0.89,"SELECT OPT"))))))) -> 1.27 | K29: 0.97
A30: Despesas Financeiras | D30: (DF) | E30: =IF(AND($V$5<>1,$V$5<>2,$V$5<>3,$V$5<>4,$V$5<>5,$V$5<>6),"SELECT OPT",IF($V$5=1,0.59,IF($V$5=2,1.02,IF($V$5=3,0.94,IF($V$5=4,1.01,IF($V$5=5,0.94,IF($V$5=6,0.85,"SELECT OPT"))))))) -> 0.59 | G30: =IF(AND($V$5<>1,$V$5<>2,$V$5<>3,$V$5<>4,$V$5<>5,$V$5<>6),"SELECT OPT",IF($V$5=1,1.23,IF($V$5=2,1.11,IF($V$5=3,0.99,IF($V$5=4,1.07,IF($V$5=5,1.02,IF($V$5=6,0.85,"SELECT OPT"))))))) -> 1.23 | I30: =IF(AND($V$5<>1,$V$5<>2,$V$5<>3,$V$5<>4,$V$5<>5,$V$5<>6),"SELECT OPT",IF($V$5=1,1.39,IF($V$5=2,1.21,IF($V$5=3,1.17,IF($V$5=4,1.11,IF($V$5=5,1.33,IF($V$5=6,1.11,"SELECT OPT"))))))) -> 1.39 | K30: 0.59
A31: Lucro | D31: (L) | E31: =IF(AND($V$5<>1,$V$5<>2,$V$5<>3,$V$5<>4,$V$5<>5,$V$5<>6),"SELECT OPT",IF($V$5=1,6.16,IF($V$5=2,6.64,IF($V$5=3,6.74,IF($V$5=4,8,IF($V$5=5,7.14,IF($V$5=6,3.5,"SELECT OPT"))))))) -> 6.16 | G31: =IF(AND($V$5<>1,$V$5<>2,$V$5<>3,$V$5<>4,$V$5<>5,$V$5<>6),"SELECT OPT",IF($V$5=1,7.4,IF($V$5=2,7.3,IF($V$5=3,8.04,IF($V$5=4,8.31,IF($V$5=5,8.4,IF($V$5=6,5.11,"SELECT OPT"))))))) -> 7.4 | I31: =IF(AND($V$5<>1,$V$5<>2,$V$5<>3,$V$5<>4,$V$5<>5,$V$5<>6),"SELECT OPT",IF($V$5=1,8.96,IF($V$5=2,8.69,IF($V$5=3,9.4,IF($V$5=4,9.51,IF($V$5=5,10.43,IF($V$5=6,6.22,"SELECT OPT"))))))) -> 8.96 | K31: 6.16
A32: TRIBUTOS | D32: (I) | E32: =SUM(E33:F36) -> 9.65 | G32: =SUM(G33:H36) -> 11.15 | I32: =SUM(I33:J36) -> 13.15 | K32: =ROUND(SUM(K33:L36),2) -> 13.15
A33: COFINS | E33: 3 | G33: 3 | I33: 3 | K33: 3
A34: PIS | E34: 0.65 | G34: 0.65 | I34: 0.65 | K34: 0.65
A35: ISSQN (**) | E35: =IF(AND($V$5<>1,$V$5<>2,$V$5<>3,$V$5<>4,$V$5<>5,$V$5<>6),"SELECT OPT",IF($V$5=1,1.5,IF($V$5=2,1.5,IF($V$5=3,1.5,IF($V$5=4,1.5,IF($V$5=5,1.5,IF($V$5=6,0,"SELECT OPT"))))))) -> 1.5 | G35: =IF(AND($V$5<>1,$V$5<>2,$V$5<>3,$V$5<>4,$V$5<>5,$V$5<>6),"SELECT OPT",IF($V$5=1,3,IF($V$5=2,3,IF($V$5=3,3,IF($V$5=4,3,IF($V$5=5,3,IF($V$5=6,0,"SELECT OPT"))))))) -> 3 | I35: =IF(AND($V$5<>1,$V$5<>2,$V$5<>3,$V$5<>4,$V$5<>5,$V$5<>6),"SELECT OPT",IF($V$5=1,5,IF($V$5=2,5,IF($V$5=3,5,IF($V$5=4,5,IF($V$5=5,5,IF($V$5=6,0,"SELECT OPT"))))))) -> 5 | K35: 5
A36: CPRF | E36: =IF(V1=1,4.5,IF(V1=2,0,"")) -> 4.5 | G36: =IF(V1=1,4.5,IF(V1=2,0,"")) -> 4.5 | I36: =IF(V1=1,4.5,IF(V1=2,0,"")) -> 4.5 | K36: 4.5
A37: TOTAL | E37: =IF(AND($V$5<>1,$V$5<>2,$V$5<>3,$V$5<>4,$V$5<>5,$V$5<>6),"SELECT OPT",$O$14) -> 26.333691 | G37: =IF(AND($V$5<>1,$V$5<>2,$V$5<>3,$V$5<>4,$V$5<>5,$V$5<>6),"SELECT OPT",$P$14) -> 28.305031 | I37: =IF(AND($V$5<>1,$V$5<>2,$V$5<>3,$V$5<>4,$V$5<>5,$V$5<>6),"SELECT OPT",$Q$14) -> 31.476684 | K37: =ROUND(((((1+K27/100+K28/100+K29/100)*(1+K30/100)*(1+K31/100))/(1-K32/100))-1)*100,2) -> 28.82
A39: Notas do modelo: | C39: (*) | D39: Pode haver garantia desde que previsto no Edital da licitação e no contrato de execução.
C40: (**) | D40: Podem ser aceitos outros percentuais de ISSQN desde que devidamente embasados na legislação municipal.
B42: =ORCAMENTO!B17 -> ANANINDEUA(PA), 17 DE ABRIL DE 2025
B44: =ORCAMENTO!B21 -> RIOL - Serviços de Construções LTDA.
B45: =ORCAMENTO!B22 -> CNPJ: 09.335.585/0001-75
